 Dungeon Crawl Stone Soup version 0.30-a0-1163-gf69bf04e7a (webtiles) character file.

Game seed: 6114843694019785896

1761680 Sobieck the Imperceptible (level 27, 146/146 HPs)
             Began as a Vine Stalker Fighter on Apr 26, 2023.
             Was the Champion of Wu Jian.
             Escaped with the Orb
             ... and 3 runes on Apr 28, 2023!
             The game lasted 04:57:18 (65526 turns).

Sobieck the Imperceptible (Vine Stalker Fighter)   Turns: 65526, Time: 04:57:19

Health: 146/146    AC: 26    Str: 11 (13) XL:     27
Magic:  47/47      EV: 28    Int:  1 (8)  God:    Wu Jian [******]
Gold:   2434       SH: 18    Dex: 24 (33) Spells: 24/46 levels left

rFire   + . .        a - +9 quick blade (drain) {shortrare=g}
rCold   + + +        n - +2 kite shield {reflect}
rNeg    + + .        C - +4 skin of Zhor {*Englaciate rC+++ SInv}
rPois   .            x - +1 helmet {SInv}
rElec   .            X - +1 cloak "Afrotwabenk" {MP+9}
rCorr   .            A - +2 pair of gloves "Kuemiet" {rN++}
SInv    +            y - +3 pair of mountain boots {steadfast, rC+}
Will    +++++        g - amulet "Jysoguf" {Will+++ Regen+ Str-2 Dex+5 SInv}
Stlth   +++          F - ring "Inos" {rF++ rC+}
HPRegen 2.84/turn    q - ring of the Tortoise {AC+8}
MPRegen 0.30/turn

%: random rage (9%), reflection, guardian spirit
@: studying Armour
A: fangs 3, regeneration 2, magic shield, antimagic bite, no potion heal 2,
berserk 2, cold resistance 1, deterioration 2, frail 1, weak 2, heat
vulnerability 1, noise suppression
0: Orb of Zot
}: 3/15 runes: serpentine, barnacled, silver
a: Renounce Religion, Wall Jump, Serpent's Lash, Heavenly Storm


You escaped.
You worshipped Wu Jian.
Wu Jian was exalted by your worship.
You visited 11 branches of the dungeon, and saw 51 of its levels.
You visited 1 bazaar.
You also visited: Gauntlet and Wizlab.

You collected 8252 gold pieces.
You spent 5818 gold pieces at shops.


Innate Abilities, Weirdness & Mutations

You have razor-sharp teeth.
You heal very quickly.
When hurt, damage is shared between your health and your magic reserves.
Your bite disrupts and absorbs the magic of your enemies.
Potions cannot restore your health.
You have an uncontrollable temper.
Your flesh is cold resistant. (rC+)
Your body often deteriorates upon taking damage.
You are frail. (-10% HP)
You are very weak. (Str -4)
You are vulnerable to heat. (rF-)
You passively dampen the noise of your surroundings.


   Skills:
 + Level 22.7 Fighting
 - Level 8.0 Short Blades
 - Level 6.0 Throwing
 - Level 5.0 Armour
 - Level 19.0 Dodging
 - Level 23.0 Stealth
 - Level 16.0 Shields
 - Level 10.0 Spellcasting
 - Level 12.0 Conjurations
 - Level 5.0 Necromancy
 - Level 12.0 Translocations
 - Level 12.0 Transmutations
 - Level 18.0 Earth Magic
 - Level 6.0 Evocations


You had 24 spell levels left.
You knew the following spells:

 Your Spells              Type           Power      Damage    Failure   Level
a - Statue Form           Tmut/Erth      2%         N/A       16%         6
b - Wereblood             Tmut           2%         N/A       1%          2
c - Borgnjor's Vile Clut  Necr/Erth      1%         N/A       12%         5
d - Irradiate             Conj/Tmut      1%         3d12      10%         5
e - Manifold Assault      Tloc           2%         N/A       3%          4

Your spell library contained the following spells:

 Spells                   Type           Power      Damage    Failure   Level
 Apportation              Tloc           4%         N/A       1%          1
 Beastly Appendage        Tmut           4%         N/A       1%          1
 Kiss of Death            Conj/Necr      8%         2d6       1%          1
 Magic Dart               Conj           8%         1d3       1%          1
 Blink                    Tloc           4%         N/A       1%          2
 Searing Ray              Conj           4%         2d4       1%          2
 Petrify                  Tmut/Erth      3%         N/A       1%          4
 Lee's Rapid Deconstruct  Erth           2%         3d4*      1%          5
 Iskenderun's Mystic Bla  Conj/Tloc      2%         2d3       3%          4
 Passage of Golubria      Tloc           2%         N/A       3%          4
 Necrotise                Necr           4%         1d4       6%          1
 Static Discharge         Conj/Air       2%         2-3/arc   6%          2
 Sublimation of Blood     Necr           1%         N/A       10%         2
 Dazzling Flash           Conj/Hex       2%         N/A       12%         3
 Portal Projectile        Hex/Tloc       2%         N/A       12%         3
 Spider Form              Tmut/Pois      1%         N/A       12%         3
 Vhi's Electric Charge    Tloc/Air       2%         N/A       12%         3
 Volatile Blastmotes      Fire/Tloc      2%         2d10      12%         3
 Leda's Liquefaction      Hex/Erth       1%         N/A       12%         4
 Vampiric Draining        Necr           1%         2d6       19%         3
 Ignite Poison            Fire/Tmut/Pois 1%         N/A       28%         3
 Mephitic Cloud           Conj/Pois/Air  1%         N/A       28%         3
 Cigotuvi's Dreadful Rot  Necr/Pois/Air  0%         N/A       36%         2
 Flame Wave               Conj/Fire      1%         2d4       38%         4
 Fulminant Prism          Conj/Hex       0%         3d5       38%         4
 Sticky Flame             Conj/Fire      1%         2d3       38%         4
 Slow                     Hex            0%         N/A       43%         1
 Summon Small Mammal      Summ           0%         N/A       43%         1
 Dispersal                Tloc           1%         N/A       47%         6
 Animate Dead             Necr           1%         N/A       52%         4
 Dispel Undead            Necr           1%         3d6       52%         4
 Ensorcelled Hibernation  Hex/Ice        0%         N/A       58%         2
 Poisonous Vapours        Pois/Air       0%         N/A       58%         2
 Alistair's Intoxication  Tmut/Pois      0%         N/A       75%         5
 Arcjolt                  Conj/Air       0%         1d10      75%         5
 Summon Forest            Summ/Tloc      0%         N/A       75%         5
 Yara's Violent Unravell  Hex/Tmut       0%         3d3       75%         5
 Call Canine Familiar     Summ           0%         N/A       82%         3
 Confusing Touch          Hex            0%         N/A       82%         3
 Inner Flame              Hex/Fire       0%         N/A       82%         3
 Summon Guardian Golem    Hex/Summ       0%         N/A       82%         3
 Tukima's Dance           Hex            0%         N/A       82%         3
 Anguish                  Hex/Necr       0%         N/A       86%         4
 Freezing Cloud           Conj/Ice/Air   0%         6-21      95%         5
 Dragon Form              Tmut           1%         N/A       96%         7
 Orb of Destruction       Conj           1%         9d5       96%         7
 Airstrike                Air            0%         2d(0-16)  99%         4
 Cause Fear               Hex            0%         N/A       99%         4
 Summon Ice Beast         Ice/Summ       0%         N/A       99%         4
 Summon Lightning Spire   Summ/Air       0%         N/A       99%         4
 Eringya's Noxious Bog    Tmut/Pois      0%         N/A       99%         6
 Starburst                Conj/Fire      0%         6d3       99%         6
 Metabolic Englaciation   Hex/Ice        0%         N/A       100%        5
 Summon Mana Viper        Hex/Summ       0%         N/A       100%        5
 Plasma Beam              Fire/Air       0%         2x1d11    100%        6
 Enfeeble                 Hex            0%         N/A       100%        7
 Haunt                    Necr/Summ      0%         N/A       100%        7
 Monstrous Menagerie      Summ           0%         N/A       100%        7
 Spellforged Servitor     Conj/Summ      0%         N/A       100%        7
 Storm Form               Tmut/Air       0%         N/A       100%        7
 Summon Hydra             Summ           0%         N/A       100%        7
 Disjunction              Tloc           1%         N/A       100%        8
 Infestation              Necr           0%         N/A       100%        8
 Maxwell's Capacitive Co  Air            0%         ∞         100%        8
 Dragon's Call            Summ           0%         N/A       100%        9

Inventory:

Hand Weapons
 a - a +9 quick blade of draining (weapon) {shortrare=g}
   (You acquired it on level 4 of the Dungeon)
Missiles
 c - 6 silver javelins {throwing}
 o - 13 boomerangs {throwing}
 D - 12 throwing nets {=f!fthrowing}
 G - 2 silver boomerangs {throwing}
Armour
 n - a +2 kite shield of reflection (worn)
   (You took it off a tengu warrior on level 13 of the Dungeon)
 x - a +1 helmet of see invisible (worn)
   (You found it on level 4 of the Shoals)
 y - the +3 pair of mountain boots (worn) {steadfast, rC+}
   (You found it on level 1 of the Depths)

   Steadfast: It prevents involuntary movement, except for blinking,
   teleportation, or banishment.
   rC:        It protects you from cold.
 A - the +2 pair of gloves "Kuemiet" (worn) {rN++}
   (You found it on level 3 of the Elven Halls)

   rN:        It greatly protects you from negative energy.
 C - the +4 skin of Zhor (worn) {*Englaciate rC+++ SInv}
   (You found it on level 2 of the Elven Halls)

   *Englaciate: It radiates cold, occasionally slowing all nearby creatures who
   are not resistant to cold.
   rC:        It renders you almost immune to cold.
   SInv:      It lets you see invisible.
 X - the +1 cloak "Afrotwabenk" (worn) {MP+9}
   (You found it on level 4 of the Vaults)

   MP:        It affects your magic capacity (+9).
Magical Staves
 K - the staff of death "Olojyicw" {Contam Fly rN+ MP+9 Str+4, !astaff}
   (You found it on level 1 of the Realm of Zot)

   [staff of death]

   Base accuracy: +5 Base damage: 5 Base attack delay: 1.2 This weapon's minimum
   attack delay (0.6) is reached at skill level 12.
   Str:       It affects your strength (+4).
   rN:        It protects you from negative energy.
   MP:        It affects your magic capacity (+9).
   Fly:       It grants you flight.
   Contam:    It causes magical contamination when unequipped.
   It falls into the 'Staves' category.
   It is a one-handed weapon.
Jewellery
 g - the amulet "Jysoguf" (around neck) {Will+++ Regen+ Str-2 Dex+5 SInv}
   (You took it off a vault guard on level 5 of the Vaults)

   [amulet of regeneration]

   Str:       It affects your strength (-2).
   Dex:       It affects your dexterity (+5).
   SInv:      It lets you see invisible.
   Regen:     It increases your rate of health regeneration.
   Will:      It greatly increases your willpower.
 h - the ring "Plog" {rF+ rN+++ Will+ Str-4}
   (You acquired it on level 4 of the Dungeon)

   [ring of protection from fire]

   Str:       It affects your strength (-4).
   rF:        It protects you from fire.
   rN:        It renders you almost immune to negative energy.
   Will:      It increases your willpower.
 i - a ring of resist corrosion
   (You found it on level 5 of the Lair of Beasts)
 p - an amulet of reflection
   (You bought it in a shop in a bazaar)
 q - the ring of the Tortoise (right hand) {AC+8}
   (You took it off a vault guard on level 5 of the Vaults)

   [ring of protection]

   AC:        It affects your AC (+8).
 v - the ring "Pecadaiq" {Wiz rPois Stlth+}
   (You found it on level 2 of the Shoals)

   [ring of wizardry]

   It improves your spell success rate.
   rPois:     It protects you from poison.
   Stlth:     It makes you more stealthy.
 F - the ring "Inos" (left hand) {rF++ rC+}
   (You took it off a deep elf death mage on level 3 of the Elven Halls)

   [ring of protection from cold]

   rF:        It greatly protects you from fire.
   rC:        It protects you from cold.
 R - a ring of protection from cold
   (You found it on level 4 of the Lair of Beasts)
 Y - the amulet "Bixoc" {Regen+ rCorr Slay+4}
   (You found it on level 3 of the Realm of Zot)

   [amulet of regeneration]

   Slay:      It affects your accuracy & damage with ranged weapons and melee
   (+4).
   Regen:     It increases your rate of health regeneration.
   rCorr:     It protects you from acid and corrosion.
Wands
 b - a wand of roots (63)
   (You took it off Pikel on level 7 of the Dungeon)
 L - a wand of quicksilver (50)
   (You took it off Psyche on level 9 of the Dungeon)
 T - a wand of digging (12)
   (You found it on level 12 of the Dungeon)
 W - a wand of charming (33)
   (You found it on level 1 of the Lair of Beasts)
Scrolls
 d - 5 scrolls of fog
 k - 3 scrolls of torment {!r}
 l - 8 scrolls of magic mapping {!r}
 u - 6 scrolls of silence {!r}
 w - 8 scrolls of fear
 H - 22 scrolls of teleportation {@r4}
 J - 10 scrolls of vulnerability {!r!r}
 O - 9 scrolls of poison {!r}
 Q - 11 scrolls of immolation {!r!r}
 S - 8 scrolls of blinking {!r}
 Z - 35 scrolls of identify {@r1}
Potions
 e - 11 potions of attraction {!q}
 f - 10 potions of brilliance
 j - 9 potions of haste {@q3}
 m - 38 potions of curing {@q1}
 r - 5 potions of invisibility
 t - 2 potions of resistance
 z - 12 potions of cancellation
 B - 7 potions of lignification {!q}
 E - 3 potions of magic
 I - 10 potions of flight
 M - 9 potions of berserk rage {!q}
 N - 3 potions of ambrosia
 P - 3 potions of mutation {!q}
 U - 12 potions of might
Miscellaneous
 s - a lightning rod (4/4)
   (You found it on level 5 of the Vaults)
 V - a phial of floods
   (You found it on level 3 of the Vaults)

Dungeon Overview and Level Annotations

Branches:
Dungeon (15/15)            Temple (1/1) D:5            Lair (5/5) D:9
 Shoals (4/4) Lair:3        Snake (4/4) Lair:3        Slime (0/5) Lair:4
    Orc (2/2) D:10            Elf (3/3) Orc:2        Vaults (5/5) D:13
  Crypt (3/3) Vaults:3       Tomb (0/3) Crypt:3      Depths (4/4) D:15
    Zot (5/5) Depths:4     WizLab (visited)         Gauntlet (visited)

Altars:
Ashenzari
Cheibriados
Elyvilon
Fedhas
Gozag
Hepliaklqana
Kikubaaqudgha
Makhleb
Nemelex Xobeh
Qazlal
Sif Muna
Trog
Uskayaw
Wu Jian
Xom
Yredelemnul
Zin
The Shining One
Jiyva
Lugonu

Shops:
D:5 [   D:7 (   D:10 *   D:11 (   Orc:2 !(*!   Shoals:1 (   Shoals:2 (*
Shoals:4 :   Snake:1 ((=[!   Snake:2 (   Snake:4 :   Vaults:1 *?   Vaults:2 (
Vaults:3 [   Depths:2 *   Depths:4 *

Portals:
Hell: Lair:5 Depths:1 Depths:2 Depths:3 Depths:4
Abyss: Lair:3 Snake:4 Depths:1 Depths:2 Depths:3
Pandemonium: Depths:2 Depths:3
Ziggurat: Depths:1

Annotations:
Elf:2 3 runed translucent doors
Crypt:2 3 runed translucent doors, Zogul's ghost, veteran MiGl
Depths:4 3 runed translucent doors, exclusion: obsidian statue, Doumn's ghost, veteran GnFi
Zot:1 1 runed translucent door, 2 transporters, holysushi's ghost, master DsMo

....#.##...#.###..###....####....
...##.##..##.###..###............
..###.##.###.#..........#######..
.## #.##.###.#.#######..# ##. ##
#........#.#.....#..# ## #
####.##..........#..# ##### #####
#..#.#######..#.######...# ....#
#....#.....#..#..........# .##.#
#.##.#..#@....#.######.... ..#.#
#.##.#..#######.# ##... .##.#
#.##.#..........# #.#.
..#.####.##.#.....#.#### #...
#.........#.#######.# ####
....#####.#.........# # #####
#.....####### # # ####### # # #


There were no monsters in sight!


Message History

Your bite misses the Orb Guardian. You puncture the Orb Guardian!
You kill the Orb Guardian!
The Council accepts your kill.
You feel a strong urge to attack something.
Unknown command.
You feel your anger nearly subside.
You are no longer berserk.
You are exhausted.
You feel yourself slow down.
Unknown command.
(D) Dungeon (T) Temple (L) Lair (A) Shoals (P) Snake Pit (M) Slime Pits (O) Orcish Mines (E) Elven Halls (V) Vaults (C) Crypt (W) Tomb (U) Depths (H) Hell (Z) Zot
Where to? (Enter - D:1, ? - help)
A Brimstone Fiend comes into view.
The Brimstone Fiend roars!
The Brimstone Fiend calls on the powers of darkness!
Your body is wracked with pain!
Your body deteriorates!
You feel weakened.
Danger!
The Brimstone Fiend calls on the powers of darkness!
Your body is wracked with pain!
Your body deteriorates!
You feel dopey.
You feel yourself speed up.
The Brimstone Fiend calls on the powers of darkness!
Your body is wracked with pain!
* * * LOW HITPOINT WARNING * * *
There is a stone staircase leading up here.
Unknown command.
You climb upwards.
There is a stone staircase leading down here.
Unknown command.
Unknown command.
(D) Dungeon (T) Temple (L) Lair (A) Shoals (P) Snake Pit (M) Slime Pits (O) Orcish Mines (E) Elven Halls (V) Vaults (C) Crypt (W) Tomb (U) Depths (H) Hell (Z) Zot
Where to? (Enter - D:1, ? - help)
You recover from your berserk rage.
A red devil comes into view. It is wielding a +0 trident.
You radiate an aura of cold.
The red devil seems to slow down.
Danger!
You see here a +0 whip {mace}.
You radiate an aura of cold.
The red devil seems to slow down.
There is a stone staircase leading up here.
You climb upwards.
There is a stone staircase leading down here.
You see here a +0 club {mace}.
Unknown command.
Unknown command.
Unknown command.
(D) Dungeon (T) Temple (L) Lair (A) Shoals (P) Snake Pit (M) Slime Pits (O) Orcish Mines (E) Elven Halls (V) Vaults (C) Crypt (W) Tomb (U) Depths (H) Hell (Z) Zot
Where to? (Enter - D:1, ? - help)
You see here a +0 whip {mace}.
There is a stone staircase leading up, spattered with blood here.
You climb upwards.
There is a stone staircase leading down here.
There is a stone staircase leading up here.
You climb upwards.
There is a stone staircase leading down here.
There is a stone staircase leading up here.
You climb upwards.
There is a stone staircase leading down here.
An ogre comes into view. It is wielding a +0 giant spiked club.
There is an open door here.
Danger!
Unknown command.
The ogre shouts!
You spin and attack the ogre repeatedly.
You puncture the ogre! You bite the ogre! You drain its power.
You feel invigorated.
You barely miss the ogre. You bite the ogre. You drain its power.
You block the ogre's attack.
There is a stone staircase leading up here.
(D) Dungeon (T) Temple (L) Lair (A) Shoals (P) Snake Pit (M) Slime Pits (O) Orcish Mines (E) Elven Halls (V) Vaults (C) Crypt (W) Tomb (U) Depths (H) Hell (Z) Zot
Where to? (Enter - D:1, ? - help)
An ogre is nearby!
You climb upwards.
There is a stone staircase leading down here.
(D) Dungeon (T) Temple (L) Lair (A) Shoals (P) Snake Pit (M) Slime Pits (O) Orcish Mines (E) Elven Halls (V) Vaults (C) Crypt (W) Tomb (U) Depths (H) Hell (Z) Zot
Where to? (Enter - D:1, ? - help)
There is a stone staircase leading up here.
You climb upwards.
There is a stone staircase leading down here.
There is a stone staircase leading up here.
You climb upwards.
There is a stone staircase leading down here.
There is an open door here.
There is a staircase leading out of the dungeon here.
Unknown command.
You have escaped!

Skill      XL: |  1  2  3  4  5  6  7  8  9 10 11 12 13 14 15 16 17 18 19 20 21 22 23 24 25 26 27 |
---------------+----------------------------------------------------------------------------------+-----
Short Blades   | 2 3 4 5 6 7 8 |  8.0
Stealth        | 1 3 4 6 8 10 12 13 15 17 19 21 23 | 23.0
Fighting       | 3 4 6 10 11 12 13 14 16 17 19 22 | 22.7
Shields        | 3 4 6 10 12 15 16 | 16.0
Dodging        | 1 2 4 5 6 8 10 11 12 14 15 19 | 19.0
Throwing       | 3 5 6 |  6.0
Evocations     | 3 5 6 |  6.0
Armour         | 4 5 |  5.0
Spellcasting   | 6 10 | 10.0
Earth Magic    | 10 13 16 18 | 18.0
Transmutations | 7 10 12 | 12.0
Necromancy     | 5 |  5.0
Conjurations   | 5 11 12 | 12.0
Translocations | 10 12 | 12.0

Action                     |  1- 3 |  4- 6 |  7- 9 | 10-12 | 13-15 | 16-18 | 19-21 | 22-24 | 25-27 || total
---------------------------+-------+-------+-------+-------+-------+-------+-------+-------+-------++-------
  Melee: Rapier            |   112 |   133 |    47 |       |       |       |       |       |       ||   292
         Bite              |    23 |    34 |   108 |   357 |   758 |  1110 |  1416 |  1865 |  2739 ||  8410
         Quick blade       |       |       |   339 |   941 |  1857 |  2588 |  3237 |  3674 |  5303 || 17939
  Throw: Dart              |       |     4 |     3 |       |       |       |     5 |       |       ||    12
   Cast: Statue Form       |       |       |       |       |       |       |   144 |   152 |   206 ||   502
         Borgnjor's Vile C |       |       |       |       |       |       |    33 |       |       ||    33
         Wereblood         |       |       |       |       |       |       |    20 |    48 |    23 ||    91
         Irradiate         |       |       |       |       |       |       |     1 |     4 |     2 ||     7
         Manifold Assault  |       |       |       |       |       |       |       |       |    33 ||    33
 Invoke: Serpent's Lash    |       |       |       |     1 |       |     7 |     6 |     4 |     2 ||    20
         Heavenly Storm    |       |       |       |       |       |     1 |     5 |     4 |     6 ||    16
Ability: Lunge             |       |       |    19 |    48 |    58 |   103 |   149 |    90 |   136 ||   603
         Whirlwind         |       |       |    66 |   264 |   499 |   703 |  1276 |  1413 |  1756 ||  5977
         Wall Jump         |       |       |       |     6 |    34 |    24 |    28 |    37 |    24 ||   153
         End Transformatio |       |       |       |       |       |       |       |       |     3 ||     3
  Evoke: Wand              |       |       |       |     2 |     1 |       |       |       |     1 ||     4
    Use: Potion            |     4 |       |       |       |     1 |     1 |       |       |     5 ||    11
         Scroll            |       |       |    16 |    10 |     5 |     4 |     7 |     9 |    15 ||    66
   Stab: Sleeping          |       |       |     3 |    12 |    29 |    40 |    21 |    29 |    28 ||   162
         Distracted        |       |       |       |     1 |     3 |     2 |     5 |     2 |     5 ||    18
         Petrified         |       |       |       |       |       |       |     3 |       |       ||     3
         Petrifying        |       |       |       |       |       |       |     1 |       |       ||     1
         Held in net/web   |       |       |       |       |       |       |     2 |       |       ||     2
         Invisible         |       |       |       |       |       |       |       |       |     8 ||     8
 Armour: Scale mail        |    52 |    35 |    96 |   139 |   207 |   234 |   110 |       |       ||   873
         Skin              |       |       |       |       |       |       |   374 |   627 |   754 ||  1755
         Animal skin       |       |       |       |       |       |       |     3 |    16 |    51 ||    70
  Dodge: Dodged            |    56 |    35 |    85 |   131 |   318 |   567 |  1337 |  1595 |  2302 ||  6426
         Repelled          |       |       |       |       |     2 |    30 |    42 |     8 |       ||    82
  Block: Buckler           |    20 |    21 |    57 |    84 |   166 |   223 |       |       |       ||   571
         Kite shield       |       |       |       |       |       |   224 |  1688 |  1681 |  2350 ||  5943
         Reflection        |       |       |       |       |       |    37 |   102 |    96 |    30 ||   265

Levels and vault maps discovered:
D:1:      ebering_hopf_link, layout_loops_corners, basic_ecumenical_altar,
          minmay_misc_feat_columns
D:2:      layout_loops_cross
D:3:      layout_loops_cross, uniq_natasha
D:4:      layout_loops_corners
D:5:      layout_gridville, minmay_temple_entry_statues_fountains, serial_shops,
          nicolae_shop_hallway_plus
D:6:      layout_basic, mainiacjoe_overflow_small_starburst, minmay_hedge_maze,
          uniq_blork_the_orc, uniq_prince_ribbit1, uniq_crazy_yiuf_cottage
D:7:      minmay_flawed_box, layout_cave_pools, kennysheep_mini,
          mainiacjoe_overflow_brackets, serial_shops,
          nicolae_shop_tiny_waterfront, uniq_pikel, uniq_joseph
D:8:      layout_rooms, general_overflow_altar
D:9:      layout_stronghold, overflow_temple_1_default,
          grunt_ashenzari_visionary [grunt_ashenzari_visionary_shoals,
          grunt_ashenzari_visionary_snake], dancing_weapons_uskayaw,
          erik_lair_dragon, minmay_librarian, uniq_psyche
D:10:     layout_small_grid, mainiacjoe_overflow_boulevard,
          kennysheep_orc_monster_closet_entryway, serial_shops, shop, uniq_sonja
D:11:     layout_irregular_city, serial_shops, shop
D:12:     layout_irregular_city, fedhas_altar_fruit_tree
D:13:     layout_long_grid, skrybe_vaults_entry_preservation,
          portal_ice_cave_entry_ice_simulacra, serial_bayou_lake_a, uniq_rupert
D:14:     layout_grid_maze, serial_shops, freezing_bzr, lemuel_doored_altar,
          minivault_16
D:15:     grunt_enter_depths_giant_problem, layout_rooms, elyvilon_altar_1,
          kennysheep_slug_shrine
Temple:   eino_narrow_crystal_temple
Lair:1:   layout_chaotic_city, serial_bayou_lagoon_b
Lair:2:   layout_big_grid, grunt_megastairs_5
Lair:3:   layout_regular_city, minmay_shoals_entry_beasts,
          minmay_snake_entry_spellcaster, amcnicky_altar_lugonu_corruption,
          infiniplex_staircase_pool_2, lemuel_fruit_tree, grunt_megastairs_2,
          serial_bayou_shore_a, uniq_nessos
Lair:4:   layout_small_grid, dpeg_slime_entry_enclosed
Lair:5:   evil_forest, layout_gridlike, basic_altar, gauntlet_entry_generic
Shoals:1: layout_shoals, nicolae_shop_firing_range
Shoals:2: layout_shoals, gammafunk_ghost_wrathful_warriors, serial_shops, shop,
          shop
Shoals:3: layout_shoals, uniq_polyphemus, uniq_mara, uniq_ilsuiw
Shoals:4: shoals_end_grunt_ice, layout_shoals, shoal_ilsuiw,
          nicolae_shop_vocational, uniq_aizul
Snake:1:  layout_honeycomb, serial_shops, shop, nicolae_take_the_stairs,
          nicolae_shop_back_alley_shop, nicolae_shop_mannequins, shop,
          uniq_kirke
Snake:2:  layout_misc_corridors, serial_shops, nicolae_shop_crystal,
          serial_bayou_lagoon_a, st_stairs_12
Snake:3:  layout_grid_maze, grunt_ministairs_1, st_stairs_5, uniq_vashnia,
          uniq_nikola
Snake:4:  johnstein_snake_rune_scales, layout_misc_corridors,
          gammafunk_ghost_abyssal_escape, serial_shops,
          nicolae_shop_hallway_stairs, nicolae_large_snake_swirl, uniq_roxanne,
          uniq_donald, uniq_saint_roka
Orc:1:    layout_caves, serial_shops, nicolae_shop_hallway_plus
Orc:2:    hellmonk_orc_salted, layout_caves, basic_altar, uniq_snorg
Elf:1:    eino_elf_arrival_sip, layout_geoelf_octagon, hangedman_elf_disciples,
          hangedman_glass_teeth, chequers_hall_statues_y, uniq_azrael
Elf:2:    elven_hall_of_blades_hangedman_original
          [nicolae_blade_entry_area_security], layout_loops_corners,
          ebering_dispersal_statue_hall, glass_columns_b,
          nicolae_elf_theology_debate, uniq_agnes, uniq_louise
Elf:3:    minmay_elf_hall, layout_onion_city, mu_enter_wizlab_4,
          elf_orc_summit_meeting
Vaults:1: ebering_ghost_disaster_area, nicolae_vaults_tetromino_L_2, v_misc_3,
          v_misc_10, vaults_room_guarded_vault, nicolae_vaults_shelves_hall,
          nicolae_vaults_heart-shaped_vault, nicolae_vaults_lightning_bolt,
          nicolae_vaults_theta, layout_vaults_omnigrid, serial_shops, shop,
          nicolae_shop_statue_plus
Vaults:2: nicolae_vaults_tetromino_T_2, vaults_mumra_hex,
          ontoclasm_vaults_twist, ontoclasm_vaults_tryst, v_misc_12,
          nicolae_vaults_apartment_1, vaults_room_octagon, v_alt_pattern_5,
          nicolae_vaults_closet_pinwheel_1,
          nicolae_vaults_antechamber_and_loot_room, layout_vaults_omnicross,
          serial_shops, nicolae_shop_bloodbath_and_beyond, uniq_margery
Vaults:3: grunt_vaults_trifunnel, vaults_room_mumra_shop_pool,
          nicolae_vaults_heart-shaped_vault, nicolae_vaults_specimen_jars,
          nicolae_vaults_house_2, nicolae_vaults_apartment_1,
          nicolae_vaults_shock_wave, hangedman_vaults_capsules,
          nicolae_vaults_diamond_2, grunt_vaults_swirl, hangedman_vaults_trim,
          nicolae_vaults_network_periphery, layout_vaults_omnibox
Vaults:4: nicolae_vaults_big_angled_halls, nicolae_vaults_network_barrier,
          nicolae_vaults_turnstiles, nicolae_vaults_windows_and_doors_thing,
          nicolae_vaults_network_quincunx
          [nicolae_vaults_network_quincunx_subvault,
          nicolae_vaults_network_quincunx_subvault,
          nicolae_vaults_network_quincunx_subvault,
          nicolae_vaults_network_quincunx_subvault,
          nicolae_vaults_network_quincunx_subvault], v_misc_5,
          nicolae_vaults_circle_grid_a, nicolae_vaults_door_testing_chamber,
          nicolae_vaults_tetromino_L_2, nicolae_vaults_double_plus_1,
          layout_vaults_chaotic_city, uniq_frederick
Vaults:5
Crypt:1:  layout_regular_city, minivault_14, moated_statue
Crypt:2:  layout_gridlike, gammafunk_ghost_crypt, nzn_life_drinkers, uniq_boris
Crypt:3:  lightli_unholy_cathedral, layout_chaotic_city,
          tomb_entry_simple_bobbens, st_stairs_11, lemuel_nasty_fountain
Depths:1: layout_gridville, enter_ziggurat_b, hell_entry,
          nicolae_concentric_dashed_squares_mild, abyss_entry, minmay_acid_items
Depths:2: kennysheep_ambush_hall, layout_cave_pools, rand_demon_pan_entry_7,
          hellmouth_1, abyss_entry, nicolae_titane, minmay_misc_feat_alley,
          guppyfry_shop_venom, minmay_staircase_statues_hall_small,
          firewood_loft, uniq_josephina
Depths:3: nooodl_glass_maze, layout_small_grid, rand_demon_pan_entry_5,
          hangedman_geh_valley, abyss_entry, moated_statue,
          minmay_misc_feat_ornament, nemelex_diamond_rough_becter,
          infiniplex_staircase_zigzag_2
Depths:4: grunt_zot_entry_gee_three, layout_long_grid, hell_entry,
          ebering_ghost_gozag, serial_shops, bzr_entry_lakeside,
          ashenzari_altar_1, serial_bayou_shore_b
Zot:1:    gammafunk_dig_for_victory, layout_concentric_octagons,
          ebering_ghost_inner_flame, basic_altar, zot_minivault_1
Zot:2:    layout_misc_corridors, basic_altar
Zot:3:    layout_onion_interference, st_single_dragon_hoard_2
Zot:4:    hellmonk_paralyzer, layout_gridville, uniq_tiamat
Zot:5:    layout_cellular_growth, st_stairs_7

Notes
Turn   | Place    | Note
-------+----------+-------------------------------------------
     0 | D:1      | Sobieck the Vine Stalker Fighter began the quest for the
                  | Orb.
     0 | D:1      | Reached XP level 1. HP: 11/11 MP: 2/2
   117 | D:1      | Reached skill level 2 in Short Blades
   262 | D:1      | Reached XP level 2. HP: 15/16 MP: 3/3
   279 | D:1      | Found a faded altar of an unknown god.
   597 | D:1      | Reached skill level 3 in Short Blades
   614 | D:1      | Reached XP level 3. HP: 19/19 MP: 4/4
  1031 | D:2      | HP: 4/19 [poisoned by an adder]
  1040 | D:2      | HP: 2/19 [kobold/+0 short sword (1)]
  1189 | D:2      | Gained mutation: Your natural rate of healing is unusually
                  | fast. [Vine Stalker growth]
  1189 | D:2      | Reached XP level 4. HP: 23/23 MP: 5/5
  1294 | D:2      | Reached skill level 4 in Short Blades
  1746 | D:3      | You pick up a book of the Hunter and begin reading...
  1746 | D:3      | You add the spells Call Canine Familiar, Portal Projectile
                  | and Leda's Liquefaction to your library.
  1799 | D:3      | Noticed Natasha
  1804 | D:3      | Killed Natasha
  1820 | D:3      | Noticed Natasha
  1831 | D:3      | Killed Natasha
  1832 | D:3      | Reached XP level 5. HP: 27/27 MP: 4/6
  1867 | D:3      | Noticed Natasha
  1879 | D:3      | Killed Natasha
  1880 | D:3      | Reached skill level 5 in Short Blades
  2210 | D:4      | Noticed a phantom
  2249 | D:3      | Killed a phantom
  2250 | D:3      | Reached XP level 6. HP: 31/32 MP: 7/7
  2977 | D:5      | Entered Level 5 of the Dungeon
  3012 | D:4      | Reached skill level 6 in Short Blades
  3042 | D:5      | HP: 1/32 [ogre/+0 giant club (14)]
  3044 | D:5      | Reached skill level 1 in Stealth
  3173 | D:5      | Reached XP level 7. HP: 30/35 MP: 5/8
  3203 | D:5      | Reached skill level 3 in Fighting
  3203 | D:5      | Reached skill level 3 in Shields
  3262 | D:5      | Found a staircase to the Ecumenical Temple.
  3297 | D:4      | Reached skill level 1 in Dodging
  3318 | D:4      | Reached skill level 2 in Stealth
  3337 | Temple   | Entered the Ecumenical Temple
  3343 | Temple   | Became a worshipper of the Wu Jian Council
  3483 | D:4      | Identified 2 scrolls of acquirement
  3483 | D:4      | Acquired a +1 quick blade of draining
  3484 | D:4      | P - a +1 quick blade of draining {shortrare=g}
  3485 | D:4      | P - a +1 quick blade of draining {shortrare=g}
  3485 | D:4      | a - a +1 quick blade of draining {shortrare=g}
  3485 | D:4      | a - a +1 quick blade of draining (weapon) {shortrare=g}
  3486 | D:4      | Acquired the ring "Plog" {rF+ rN+++ Will+ Str-4}
  3491 | D:4      | Your damage rating with your +1 quick blade of draining
                  | {shortrare=g} is about 6 (Base 4 x 115% (Dex) x 119%
                  | (Skill) + 1 (Ench)).
  3524 | D:4      | your +1 quick blade of draining {shortrare=g} glows red for
                  | a moment.
  3525 | D:4      | your +2 quick blade of draining {shortrare=g} glows red for
                  | a moment.
  3526 | D:4      | your +3 quick blade of draining {shortrare=g} glows red for
                  | a moment.
  3596 | D:5      | Found Ecliuw's Antique Armour Emporium.
  3667 | D:5      | Your damage rating with your +4 quick blade of draining
                  | {shortrare=g} is about 9 (Base 4 x 115% (Dex) x 119%
                  | (Skill) + 4 (Ench)).
  3850 | D:5      | Bought a brightly glowing scale mail for 180 gold pieces
  3850 | D:5      | Identified the +8 scale mail of the Echidna {rElec Str-4
                  | Dex+3} (You bought it in a shop on level 5 of the Dungeon)
  3860 | D:5      | Your damage rating with your +4 quick blade of draining
                  | {shortrare=g} is about 9 (Base 4 x 122% (Dex) x 119%
                  | (Skill) + 4 (Ench)).
  3941 | D:6      | Reached skill level 7 in Short Blades
  3941 | D:6      | Reached skill level 3 in Stealth
  3941 | D:6      | Gained mutation: You have razor-sharp teeth. [Vine Stalker
                  | growth]
  3941 | D:6      | Reached XP level 8. HP: 40/40 MP: 9/9
  3950 | D:6      | Noticed Blork the orc
  3957 | D:6      | Killed Blork the orc
  3958 | D:6      | Reached skill level 2 in Dodging
  3990 | D:6      | Your damage rating with your +4 quick blade of draining
                  | {shortrare=g} is about 10 (Base 4 x 125% (Dex) x 121%
                  | (Skill) + 4 (Ench)).
  4200 | D:6      | Reached skill level 4 in Fighting
  4200 | D:6      | Reached skill level 4 in Stealth
  4200 | D:6      | Reached skill level 4 in Shields
  4269 | D:6      | Found a bloodstained altar of Trog.
  4275 | D:6      | Noticed Prince Ribbit
  4304 | D:6      | Killed Prince Ribbit
  4398 | D:6      | You add the spells Blink, Manifold Assault and Storm Form
                  | to your library.
  4568 | D:6      | Found a runed translucent door.
  4569 | D:6      | Noticed Crazy Yiuf
  4592 | D:7      | Noticed Joseph
  4658 | D:6      | Reached XP level 9. HP: 45/45 MP: 10/10
  4723 | D:7      | Found a white marble altar of Elyvilon.
  4767 | D:7      | Killed Joseph
  4768 | D:7      | Reached skill level 8 in Short Blades
  4768 | D:7      | Reached skill level 3 in Dodging
  4768 | D:7      | Reached skill level 5 in Stealth
  4770 | D:7      | Your damage rating with your +4 quick blade of draining
                  | {shortrare=g} is about 10 (Base 4 x 130% (Dex) x 124%
                  | (Skill) + 4 (Ench)).
  4845 | D:7      | Reached * piety under Wu Jian
  4929 | D:5      | Bought a pair of runed boots for 150 gold pieces
  5092 | D:7      | Found a sparkling altar of Nemelex Xobeh.
  5268 | D:7      | Noticed Pikel
  5322 | D:7      | Killed Pikel
  5323 | D:7      | Reached skill level 5 in Fighting
  5323 | D:7      | Reached skill level 6 in Stealth
  5323 | D:7      | Reached skill level 5 in Shields
  5323 | D:7      | Your damage rating with your +4 quick blade of draining
                  | {shortrare=g} is about 10 (Base 4 x 130% (Dex) x 125%
                  | (Skill) + 4 (Ench)).
  5370 | D:7      | Found Quleetsa's Antique Weapon Emporium.
  5412 | D:7      | Reached skill level 4 in Dodging
  5682 | D:8      | Reached skill level 6 in Shields
  5690 | D:8      | Reached skill level 6 in Fighting
  5693 | D:8      | Reached XP level 10. HP: 49/53 MP: 8/11
  5711 | D:8      | Reached ** piety under Wu Jian
  5981 | D:8      | Reached skill level 7 in Fighting
  6110 | D:8      | Identified the +2 ring mail of the Hills {Harm Regen+
                  | Dex-3}
  6120 | D:8      | Found a shimmering blue altar of Sif Muna.
  6190 | D:8      | Reached skill level 8 in Fighting
  6312 | D:9      | Noticed a +0 dagger
  6312 | D:9      | Noticed a +0 hand axe
  6312 | D:9      | Found a hide-covered altar of Uskayaw.
  6436 | D:9      | Noticed a deep elf zephyrmancer
  6452 | D:9      | Killed a deep elf zephyrmancer
  6453 | D:9      | Reached skill level 9 in Fighting
  6471 | D:9      | You add the spells Cigotuvi's Dreadful Rot, Ignite Poison
                  | and Freezing Cloud to your library.
  6584 | D:9      | Noticed Psyche
  6960 | D:10     | Entered Level 10 of the Dungeon
  6960 | D:10     | Noticed a two-headed ogre
  6973 | D:9      | Killed a two-headed ogre
  6974 | D:9      | Reached skill level 10 in Fighting
  6974 | D:9      | Reached XP level 11. HP: 52/63 MP: 12/12
  6986 | D:10     | Noticed a two-headed ogre
  6991 | D:10     | Killed a two-headed ogre
  6992 | D:10     | Reached skill level 1 in Throwing
  6992 | D:10     | Reached skill level 1 in Evocations
  7045 | D:10     | Found a staircase to the Orcish Mines.
  7070 | D:10     | Reached skill level 3 in Armour
  7105 | D:10     | Reached *** piety under Wu Jian
  7126 | D:10     | Reached skill level 2 in Evocations
  7194 | D:9      | Killed Psyche
  7194 | D:9      | Reached skill level 2 in Throwing
  7204 | D:9      | Found a shimmering altar of Xom.
  7240 | D:9      | Reached skill level 7 in Stealth
  7251 | D:9      | Found a broken altar of Ashenzari.
  7255 | D:9      | Saw a vision of the Shoals and the Snake Pit.
  7255 | D:9      | Noticed a naga warrior
  7255 | D:9      | Noticed a naga warrior
  7255 | D:9      | Noticed a naga sharpshooter
  7256 | D:9      | Noticed a cyclops
  7416 | D:9      | Noticed a two-headed ogre
  7426 | D:9      | Killed a two-headed ogre
  7466 | D:9      | Found a staircase to the Lair.
  7482 | D:9      | Reached skill level 3 in Evocations
  7502 | D:9      | Reached skill level 5 in Dodging
  7772 | D:10     | Reached skill level 3 in Throwing
  7792 | D:10     | Noticed Sonja
  7794 | D:10     | Sonja changed into Sonja the jelly
  7794 | D:10     | Noticed Sonja
  7806 | D:10     | Killed Sonja the jelly
  7824 | D:10     | Reached skill level 4 in Armour
  7860 | D:10     | Found Mool Juda's General Store.
  8017 | D:10     | Found an opulent altar of Gozag.
  8083 | D:10     | Reached skill level 8 in Stealth
  8086 | D:10     | Reached XP level 12. HP: 69/69 MP: 13/13
  8351 | D:11     | Reached **** piety under Wu Jian
  8370 | D:11     | Found Beat's Weapon Emporium.
  8386 | D:11     | Reached skill level 4 in Evocations
  8482 | D:11     | Noticed a two-headed ogre
  8488 | D:11     | Killed a two-headed ogre
  8494 | D:11     | You pick up a book of Dreams and begin reading...
  8494 | D:11     | You add the spells Ensorcelled Hibernation, Spider Form and
                  | Anguish to your library.
  8688 | D:11     | Reached skill level 4 in Throwing
  8727 | D:11     | Noticed a two-headed ogre
  8733 | D:11     | Killed a two-headed ogre
  8987 | D:12     | You fall into a shaft and drop 3 floors!
  8987 | D:15     | Entered Level 15 of the Dungeon
  8990 | D:15     | Noticed a six-headed hydra
  9002 | D:15     | Reached skill level 9 in Stealth
  9016 | D:15     | Reached skill level 11 in Fighting
  9062 | D:15     | You pick up a book of the Hunter and begin reading...
  9070 | D:15     | Noticed a centaur warrior
  9077 | D:15     | Killed a centaur warrior
  9078 | D:15     | Reached skill level 5 in Armour
  9124 | D:14     | Found an ancient bone altar of Kikubaaqudgha.
  9222 | D:12     | Reached skill level 6 in Dodging
  9276 | D:12     | Reached skill level 5 in Evocations
  9400 | D:12     | Reached skill level 5 in Throwing
  9404 | D:12     | Found a blossoming altar of Fedhas.
  9767 | D:13     | Noticed a centaur warrior
  9934 | D:13     | Killed a centaur warrior
  9935 | D:13     | Reached skill level 10 in Stealth
 10145 | Lair:1   | Entered Level 1 of the Lair of Beasts
 10152 | Lair:1   | Reached XP level 13. HP: 74/74 MP: 14/14
 10298 | Lair:1   | You pick up a book of Changes and begin reading...
 10298 | Lair:1   | You add the spells Beastly Appendage and Wereblood to your
                  | library.
 10470 | Lair:1   | Reached ***** piety under Wu Jian
 10600 | Lair:1   | You pick up a book of Callings and begin reading...
 10600 | Lair:1   | You add the spells Summon Small Mammal and Summon Guardian
                  | Golem to your library.
 11116 | Lair:2   | You add the spells Tukima's Dance, Passage of Golubria and
                  | Yara's Violent Unravelling to your library.
 11124 | Lair:2   | You pick up a book of the Dragon and begin reading...
 11124 | Lair:2   | You add the spells Cause Fear, Dragon Form and Dragon's
                  | Call to your library.
 11136 | Lair:2   | You pick up a book of the Warp and begin reading...
 11136 | Lair:2   | You add the spells Dispersal and Disjunction to your
                  | library.
 11220 | Lair:2   | Reached skill level 6 in Evocations
 11522 | Lair:2   | Reached skill level 6 in Throwing
 11522 | Lair:2   | Reached skill level 7 in Dodging
 11550 | Lair:3   | Found a staircase to the Snake Pit.
 11554 | Lair:3   | Reached skill level 11 in Stealth
 11617 | Lair:3   | Found a one-way gate to the infinite horrors of the Abyss.
 11617 | Lair:3   | Found a corrupted altar of Lugonu.
 11627 | Lair:3   | Found a staircase to the Shoals.
 12103 | Lair:3   | Noticed Nessos
 12104 | Lair:3   | Nessos changed into Nessos the lindwurm
 12104 | Lair:3   | Noticed Nessos
 12116 | Lair:3   | Killed Nessos the lindwurm
 12508 | Lair:4   | Reached skill level 12 in Fighting
 12623 | Lair:4   | Reached skill level 12 in Stealth
 12849 | Lair:4   | Identified the +1 mace "Yfypp" {protect, rC+ Int+3}
 12928 | Lair:4   | Your damage rating with your +4 quick blade of draining
                  | {shortrare=g} is about 11 (Base 4 x 130% (Dex) x 139%
                  | (Skill) + 4 (Ench)).
 13147 | Lair:4   | Found a viscous altar of Jiyva.
 13147 | Lair:4   | Found a staircase to the Slime Pits.
 13365 | Lair:5   | Entered Level 5 of the Lair of Beasts
 13371 | Lair:5   | Reached skill level 8 in Dodging
 13378 | Lair:5   | Found a gate leading to a gauntlet.
 13386 | Lair:5   | Reached XP level 14. HP: 78/81 MP: 15/15
 13410 | Gauntlet | Entered a Gauntlet
 13410 | Gauntlet | Found a transporter.
 13410 | Gauntlet | Found a transporter.
 13416 | Gauntlet | Found a transporter.
 13416 | Gauntlet | Found a transporter.
 13424 | Gauntlet | Found a transporter.
 13445 | Gauntlet | Found a transporter.
 13461 | Gauntlet | Found a transporter.
 13461 | Gauntlet | Found a transporter.
 13462 | Gauntlet | Found a large runed translucent door.
 13463 | Gauntlet | Found a large runed translucent door.
 13464 | Gauntlet | Found a large runed translucent door.
 13464 | Gauntlet | Found a large runed translucent door.
 13465 | Gauntlet | Found a runed translucent gate.
 13465 | Gauntlet | Found a large runed translucent door.
 13465 | Gauntlet | Found a large runed translucent door.
 13465 | Gauntlet | Found a runed translucent door.
 13466 | Gauntlet | Found a transporter.
 13466 | Gauntlet | Found a runed translucent gate.
 13466 | Gauntlet | Found a transporter.
 13466 | Gauntlet | Found a large runed translucent door.
 13467 | Gauntlet | Found a large runed translucent door.
 13469 | Gauntlet | Found a runed translucent gate.
 13469 | Gauntlet | Found a runed translucent door.
 13469 | Gauntlet | Found a transporter.
 13474 | Gauntlet | Found a large runed translucent door.
 13474 | Gauntlet | Found a large runed translucent door.
 13475 | Gauntlet | Found a large runed translucent door.
 13476 | Gauntlet | Found a large runed translucent door.
 13485 | Gauntlet | Found a large runed translucent door.
 13485 | Gauntlet | Found a large runed translucent door.
 13501 | Gauntlet | Found a transporter.
 13550 | Gauntlet | Found a transporter.
 13574 | Gauntlet | Found a transporter.
 13672 | Gauntlet | Found a transporter.
 13688 | Gauntlet | Found a transporter.
 13703 | Gauntlet | Found a large runed translucent door.
 13704 | Gauntlet | Found a large runed translucent door.
 13905 | Lair:5   | Found an opulent altar of Gozag.
 13911 | Lair:5   | Upgraded the game from 0.30-a0-1160-g6e42c06551 to
                  | 0.30-a0-1161-g0704695555
 13954 | Lair:5   | Reached ****** piety under Wu Jian
 13965 | Lair:5   | Reached skill level 13 in Stealth
 14029 | Lair:5   | Identified a potion of experience
 14030 | Lair:5   | Reached skill level 10 in Dodging
 14030 | Lair:5   | Reached XP level 15. HP: 85/85 MP: 16/16
 14216 | Lair:5   | Reached skill level 13 in Fighting
 14568 | Lair:5   | Reached skill level 14 in Stealth
 14571 | Lair:5   | Found a burning altar of Makhleb.
 14752 | Lair:5   | Found a gateway to Hell.
 14770 | Lair:5   | Identified the +1 dagger of Ointment {freeze, Dex+4}
 14770 | Lair:5   | Identified the +1 sling "Lauxint" {freeze, Will++ Str-2}
 15185 | Orc:1    | Entered Level 1 of the Orcish Mines
 15571 | Orc:2    | Entered Level 2 of the Orcish Mines
 15571 | Orc:2    | Found a burning altar of Makhleb.
 15594 | Orc:2    | Your damage rating with your +4 quick blade of draining
                  | {shortrare=g} is about 11 (Base 4 x 135% (Dex) x 141%
                  | (Skill) + 4 (Ench)).
 15607 | Orc:2    | Reached skill level 11 in Dodging
 15726 | Orc:2    | Reached skill level 15 in Stealth
 15810 | Orc:2    | Reached skill level 1 in Spellcasting
 15846 | Orc:2    | Found a staircase to the Elven Halls.
 15857 | Orc:2    | Reached skill level 2 in Spellcasting
 15885 | Orc:2    | Reached skill level 3 in Spellcasting
 16119 | Orc:2    | Found Joxzavi's Weapon Shoppe.
 16132 | Orc:2    | Reached skill level 4 in Spellcasting
 16189 | Orc:2    | Found Azuad's Distillery.
 16223 | Orc:2    | Reached skill level 5 in Spellcasting
 16234 | Orc:2    | Found Okiegem's Distillery.
 16267 | Orc:2    | Found Zasuif's Assorted Antiques.
 16517 | D:13     | Reached skill level 6 in Spellcasting
 16548 | D:12     | Your damage rating with your +4 quick blade of draining
                  | {shortrare=g} is about 11 (Base 4 x 135% (Dex) x 141%
                  | (Skill) + 4 (Ench)).
 16690 | D:13     | Reached XP level 16. HP: 91/91 MP: 26/26
 16889 | D:13     | Noticed Rupert
 16923 | D:13     | Reached skill level 7 in Spellcasting
 16929 | D:13     | Your damage rating with your +4 quick blade of draining
                  | {shortrare=g} is about 25 (Base 4 x 137% (Dex) x 141%
                  | (Skill) + 18 (Ench + Slay)).
 16944 | D:13     | Found a gate to the Vaults.
 16944 | D:13     | Killed Rupert
 16944 | D:13     | Reached skill level 7 in Shields
 17849 | D:13     | Your damage rating with your +4 quick blade of draining
                  | {shortrare=g} is about 11 (Base 4 x 137% (Dex) x 141%
                  | (Skill) + 4 (Ench)).
 17889 | D:14     | Reached skill level 8 in Spellcasting
 18119 | D:14     | Your damage rating with your +4 quick blade of draining
                  | {shortrare=g} is about 11 (Base 4 x 137% (Dex) x 141%
                  | (Skill) + 4 (Ench)).
 18223 | D:14     | Reached skill level 8 in Shields
 18663 | D:15     | Found a snail-covered altar of Cheibriados.
 18707 | D:15     | Found a staircase to the Depths.
 18722 | D:15     | Reached skill level 9 in Spellcasting
 18825 | D:15     | Found a white marble altar of Elyvilon.
 19269 | Elf:1    | Entered Level 1 of the Elven Halls
 19787 | Snake:1  | Entered Level 1 of the Snake Pit
 19915 | Snake:1  | Reached skill level 9 in Shields
 20006 | Snake:1  | Identified the +6 war axe of Lachrymose Optimality {flame,
                  | rPois rCorr Str-2 Dex+4}
 20130 | Snake:1  | Your damage rating with your +4 quick blade of draining
                  | {shortrare=g} is about 11 (Base 4 x 137% (Dex) x 141%
                  | (Skill) + 4 (Ench)).
 20211 | Snake:1  | Found Ihoobosi's Antique Armour Emporium.
 20257 | Snake:1  | Reached skill level 10 in Spellcasting
 20268 | Snake:1  | Found Norph's Weapon Boutique.
 20341 | Snake:1  | Reached skill level 10 in Shields
 20418 | Snake:1  | Noticed Kirke
 20445 | Snake:1  | Killed Kirke
 20468 | Snake:1  | Found Aguschext's Jewellery Shop.
 20474 | Snake:1  | Bought a ring of poison resistance for 380 gold pieces
 20571 | Snake:1  | Reached XP level 17. HP: 95/95 MP: 32/32
 20583 | Snake:1  | Your damage rating with your +4 quick blade of draining
                  | {shortrare=g} is about 11 (Base 4 x 137% (Dex) x 141%
                  | (Skill) + 4 (Ench)).
 20711 | Snake:1  | Found Anlivo's Weapon Boutique.
 20819 | Snake:1  | Found Zumolaol's Distillery.
 21081 | Snake:2  | Identified the +4 scale mail of Fiovel {Regen+}
 21092 | Snake:2  | Found Qygo's Weapon Shoppe.
 21156 | Snake:2  | Reached skill level 11 in Shields
 21702 | Snake:1  | Bought a potion of experience for 800 gold pieces
 21702 | Snake:1  | Reached skill level 12 in Shields
 21702 | Snake:1  | Reached XP level 18. HP: 100/100 MP: 33/33
 21713 | Snake:1  | Your damage rating with your +4 quick blade of draining
                  | {shortrare=g} is about 11 (Base 4 x 137% (Dex) x 141%
                  | (Skill) + 4 (Ench)).
 22084 | Snake:3  | Reached skill level 13 in Shields
 22094 | Snake:3  | Your damage rating with your +4 quick blade of draining
                  | {shortrare=g} is about 11 (Base 4 x 137% (Dex) x 141%
                  | (Skill) + 4 (Ench)).
 22485 | Snake:3  | Identified the +0 dagger of Harmony {flame, Fly rF+}
 22500 | Snake:3  | Noticed Vashnia
 22500 | Snake:3  | Noticed Nikola
 22755 | Snake:3  | Your damage rating with your +4 quick blade of draining
                  | {shortrare=g} is about 11 (Base 4 x 137% (Dex) x 141%
                  | (Skill) + 4 (Ench)).
 23144 | Snake:3  | You pick up a book of Cantrips and begin reading...
 23144 | Snake:3  | You add the spells Necrotise and Apportation to your
                  | library.
 23240 | Snake:3  | Killed Nikola
 23241 | Snake:3  | Reached skill level 14 in Shields
 23264 | Snake:3  | Your damage rating with your +4 quick blade of draining
                  | {shortrare=g} is about 11 (Base 4 x 137% (Dex) x 142%
                  | (Skill) + 4 (Ench)).
 23382 | Snake:3  | Killed Vashnia
 23430 | Snake:3  | Your damage rating with your +4 quick blade of draining
                  | {shortrare=g} is about 11 (Base 4 x 137% (Dex) x 142%
                  | (Skill) + 4 (Ench)).
 23587 | Snake:4  | Entered Level 4 of the Snake Pit
 23587 | Snake:4  | Found Jodusuga's Book Shop.
 23630 | Snake:3  | Your damage rating with your +4 quick blade of draining
                  | {shortrare=g} is about 11 (Base 4 x 137% (Dex) x 142%
                  | (Skill) + 4 (Ench)).
 23731 | Snake:4  | Your damage rating with your +4 quick blade of draining
                  | {shortrare=g} is about 11 (Base 4 x 137% (Dex) x 142%
                  | (Skill) + 4 (Ench)).
 23904 | Snake:4  | Reached skill level 15 in Shields
 23904 | Snake:4  | Your damage rating with your +4 quick blade of draining
                  | {shortrare=g} is about 11 (Base 4 x 137% (Dex) x 142%
                  | (Skill) + 4 (Ench)).
 23919 | Snake:4  | Your damage rating with your +4 quick blade of draining
                  | {shortrare=g} is about 11 (Base 4 x 137% (Dex) x 142%
                  | (Skill) + 4 (Ench)).
 23973 | Snake:4  | HP: 20/100 [Executioner[a Zot trap] (10)]
 24085 | Snake:4  | Found a transporter.
 24101 | Snake:4  | Found a transporter.
 24115 | Snake:4  | Your damage rating with your +4 quick blade of draining
                  | {shortrare=g} is about 11 (Base 4 x 137% (Dex) x 142%
                  | (Skill) + 4 (Ench)).
 24127 | Snake:4  | Noticed artmatt's ghost (adept DsTm)
 24168 | Snake:4  | Noticed Roxanne
 24236 | Snake:4  | Reached XP level 19. HP: 72/105 MP: 34/34
 24240 | Snake:4  | Killed Roxanne
 24242 | Snake:4  | You pick up a book of Sloth and begin reading...
 24242 | Snake:4  | You add the spells Petrify, Metabolic Englaciation and
                  | Statue Form to your library.
 24278 | Snake:4  | Learned a level 6 spell: Statue Form
 24307 | Snake:4  | Reached skill level 1 in Earth Magic
 24318 | Snake:4  | Reached skill level 2 in Earth Magic
 24323 | Snake:4  | Your damage rating with your +4 quick blade of draining
                  | {shortrare=g} is about 11 (Base 4 x 137% (Dex) x 142%
                  | (Skill) + 4 (Ench)).
 24359 | Snake:4  | Noticed Saint Roka
 24456 | Snake:4  | Reached skill level 3 in Earth Magic
 24465 | Snake:4  | Killed Saint Roka
 24465 | Snake:4  | Reached skill level 4 in Earth Magic
 24498 | Snake:4  | Your damage rating with your +4 quick blade of draining
                  | {shortrare=g} is about 18 (Base 4 x 137% (Dex) x 142%
                  | (Skill) + 11 (Ench + Slay)).
 24574 | Snake:4  | Reached skill level 5 in Earth Magic
 24590 | Snake:4  | Noticed Donald
 24595 | Snake:4  | Reached skill level 6 in Earth Magic
 24609 | Snake:4  | Killed Donald
 24611 | Snake:4  | a +3 vampiric double sword {longrare=g}; a +0 plate armour;
                  | a +0 kite shield of reflection
 24614 | Snake:4  | a +3 vampiric double sword {longrare=g}; a +0 plate armour;
                  | a +0 kite shield of reflection
 24618 | Snake:4  | Reached skill level 7 in Earth Magic
 24639 | Snake:4  | Reached skill level 8 in Earth Magic
 24686 | Snake:4  | s - a +3 vampiric double sword {longrare=g}
 24846 | Snake:4  | Got a serpentine rune of Zot
 25017 | Snake:4  | Reached skill level 9 in Earth Magic
 25204 | Snake:4  | Bought Great Wizards, Vol. II for 722 gold pieces
 25204 | Snake:4  | You add the spells Alistair's Intoxication, Borgnjor's Vile
                  | Clutch and Eringya's Noxious Bog to your library.
 25210 | Snake:4  | Learned a level 5 spell: Borgnjor's Vile Clutch
 25295 | Shoals:1 | Entered Level 1 of the Shoals
 25384 | Shoals:1 | Your damage rating with your +4 quick blade of draining
                  | {shortrare=g} is about 11 (Base 4 x 137% (Dex) x 142%
                  | (Skill) + 4 (Ench)).
 25450 | Shoals:1 | Your damage rating with your +4 quick blade of draining
                  | {shortrare=g} is about 11 (Base 4 x 137% (Dex) x 142%
                  | (Skill) + 4 (Ench)).
 25684 | Shoals:1 | Reached skill level 10 in Earth Magic
 25758 | Shoals:1 | Reached skill level 1 in Transmutations
 25788 | Shoals:1 | Your damage rating with your +4 quick blade of draining
                  | {shortrare=g} is about 11 (Base 4 x 137% (Dex) x 142%
                  | (Skill) + 4 (Ench)).
 25803 | Shoals:1 | Found Yhumnuic's Firing Range.
 25810 | Shoals:1 | You drop a +3 vampiric double sword {longrare=g}.
 25811 | Shoals:1 | s - a +3 vampiric double sword {longrare=g}
 25812 | Shoals:1 | You drop a +3 vampiric double sword {longrare=g}.
 25825 | Shoals:1 | Could not pick up a +3 vampiric double sword {longrare=g}
                  | here; ([A]lways) ignore it?
 25981 | Shoals:1 | your +4 quick blade of draining {shortrare=g} becomes
                  | incredibly heavy!
 25981 | Shoals:1 | a - a +4 heavy quick blade (weapon) {shortrare=g}
 25982 | Shoals:1 | Your damage rating with your +4 heavy quick blade
                  | {shortrare=g} is about 17 (Base [4 + 3 (Hvy)] x 137% (Dex)
                  | x 142% (Skill) + 4 (Ench)).
 25988 | Shoals:1 | Reached skill level 2 in Transmutations
 26047 | Shoals:1 | Your damage rating with your +4 heavy quick blade
                  | {shortrare=g} is about 17 (Base [4 + 3 (Hvy)] x 137% (Dex)
                  | x 142% (Skill) + 4 (Ench)).
 26260 | Shoals:1 | Reached skill level 3 in Transmutations
 26360 | Shoals:2 | Reached skill level 4 in Transmutations
 26552 | Shoals:2 | Identified the ring "Pecadaiq" {Wiz rPois Stlth+}
 26590 | Shoals:1 | Your damage rating with your +4 heavy quick blade
                  | {shortrare=g} is about 17 (Base [4 + 3 (Hvy)] x 137% (Dex)
                  | x 142% (Skill) + 4 (Ench)).
 26610 | Shoals:1 | Your damage rating with your +4 heavy quick blade
                  | {shortrare=g} is about 17 (Base [4 + 3 (Hvy)] x 137% (Dex)
                  | x 142% (Skill) + 4 (Ench)).
 26638 | Shoals:2 | You fall into a shaft and drop 1 floor!
 26691 | Shoals:2 | Reached skill level 5 in Transmutations
 26873 | Shoals:2 | Found Casemof's Antique Weapon Boutique.
 26931 | Shoals:2 | Reached skill level 6 in Transmutations
 26934 | Shoals:2 | Found Teyfauq's Assorted Antiques.
 26990 | Shoals:2 | Found a transporter.
 27017 | Shoals:2 | Found a transporter.
 27023 | Shoals:2 | Found a bloodstained altar of Trog.
 27023 | Shoals:2 | Identified the +0 leather armour of Distant Worlds {+Blink
                  | rPois}
 27023 | Shoals:2 | Identified the ring "Loleis" {rElec Will+ MP+9 Str+4}
 27023 | Shoals:2 | Noticed Zyonedgh's ghost (adept DsMo)
 27066 | Shoals:2 | Identified the +10 spear of Piasov {heavy, rPois Will+}
 27399 | Shoals:2 | Your damage rating with your +4 heavy quick blade
                  | {shortrare=g} is about 16 (Base [4 + 3 (Hvy)] x 130% (Dex)
                  | x 142% (Skill) + 4 (Ench)).
 27404 | Shoals:2 | Your damage rating with your +4 heavy quick blade
                  | {shortrare=g} is about 16 (Base [4 + 3 (Hvy)] x 130% (Dex)
                  | x 142% (Skill) + 4 (Ench)).
 27418 | Shoals:2 | Reached skill level 7 in Transmutations
 27481 | Shoals:3 | Noticed Polyphemus
 27486 | Shoals:3 | Noticed Ilsuiw
 27487 | Shoals:3 | Noticed Mara
 27575 | Shoals:3 | Reached XP level 20. HP: 109/109 MP: 35/35
 27615 | Shoals:3 | Your damage rating with your +4 heavy quick blade
                  | {shortrare=g} is about 17 (Base [4 + 3 (Hvy)] x 132% (Dex)
                  | x 142% (Skill) + 4 (Ench)).
 27682 | Shoals:3 | Reached skill level 8 in Transmutations
 27697 | Shoals:3 | HP: 27/109 [drowned by a water elemental[Ilsuiw] (4)]
 27892 | Shoals:2 | Killed Ilsuiw
 27943 | Shoals:2 | Your damage rating with your +4 heavy quick blade
                  | {shortrare=g} is about 17 (Base [4 + 3 (Hvy)] x 132% (Dex)
                  | x 142% (Skill) + 4 (Ench)).
 27956 | Shoals:2 | Your damage rating with your +4 heavy quick blade
                  | {shortrare=g} is about 17 (Base [4 + 3 (Hvy)] x 132% (Dex)
                  | x 142% (Skill) + 4 (Ench)).
 28258 | Shoals:3 | Killed Polyphemus
 28259 | Shoals:3 | Killed Mara
 28260 | Shoals:3 | Reached skill level 9 in Transmutations
 28354 | Shoals:3 | Your damage rating with your +4 heavy quick blade
                  | {shortrare=g} is about 17 (Base [4 + 3 (Hvy)] x 132% (Dex)
                  | x 142% (Skill) + 4 (Ench)).
 28812 | Shoals:3 | Your damage rating with your +4 heavy quick blade
                  | {shortrare=g} is about 17 (Base [4 + 3 (Hvy)] x 132% (Dex)
                  | x 142% (Skill) + 4 (Ench)).
 28813 | Shoals:4 | Entered Level 4 of the Shoals
 28822 | Shoals:4 | You pick up a book of Party Tricks and begin reading...
 28829 | Shoals:4 | Found Beoqel's Vocational Training.
 28934 | Shoals:3 | Reached skill level 10 in Transmutations
 29149 | Shoals:4 | Noticed Aizul
 29175 | Shoals:4 | Killed Aizul
 29498 | Shoals:4 | Your damage rating with your +4 heavy quick blade
                  | {shortrare=g} is about 17 (Base [4 + 3 (Hvy)] x 132% (Dex)
                  | x 142% (Skill) + 4 (Ench)).
 29546 | Shoals:4 | You pick up a book of Storms and begin reading...
 29546 | Shoals:4 | You add the spells Static Discharge, Airstrike and Summon
                  | Lightning Spire to your library.
 29641 | Shoals:4 | Reached skill level 11 in Earth Magic
 29934 | Shoals:4 | Reached skill level 1 in Necromancy
 29994 | Shoals:4 | Reached skill level 2 in Necromancy
 30001 | Shoals:4 | Reached skill level 3 in Necromancy
 30016 | Shoals:4 | Your damage rating with your +4 heavy quick blade
                  | {shortrare=g} is about 30 (Base [4 + 3 (Hvy)] x 132% (Dex)
                  | x 142% (Skill) + 17 (Ench + Slay)).
 30076 | Shoals:4 | Reached skill level 12 in Earth Magic
 30105 | Shoals:4 | Got a barnacled rune of Zot
 30252 | Shoals:4 | Your damage rating with your +4 heavy quick blade
                  | {shortrare=g} is about 17 (Base [4 + 3 (Hvy)] x 132% (Dex)
                  | x 142% (Skill) + 4 (Ench)).
 30925 | Elf:1    | Reached skill level 4 in Necromancy
 31037 | Elf:1    | Your damage rating with your +4 heavy quick blade
                  | {shortrare=g} is about 17 (Base [4 + 3 (Hvy)] x 132% (Dex)
                  | x 142% (Skill) + 4 (Ench)).
 31131 | Elf:1    | Found the +8 orange crystal plate armour {Archmagi, Int+3
                  | Clar}
 31177 | Elf:1    | Reached skill level 5 in Necromancy
 31234 | Elf:1    | Could not pick up the +8 orange crystal plate armour
                  | {Archmagi, Int+3 Clar, rare=g} here; ([A]lways) ignore it?
 31301 | Elf:1    | Noticed Azrael
 31316 | Elf:1    | Killed Azrael
 31375 | Elf:1    | Learned a level 2 spell: Wereblood
 31780 | Elf:1    | You pick up a book of Maledictions and begin reading...
 31835 | Elf:2    | Reached skill level 13 in Earth Magic
 32169 | Elf:2    | Reached XP level 21. HP: 114/114 MP: 36/36
 32169 | Elf:2    | Noticed Agnes
 32175 | Elf:2    | Reached skill level 11 in Transmutations
 32180 | Elf:2    | Killed Agnes
 32314 | Elf:2    | Found a runed translucent gate.
 32314 | Elf:2    | Found a runed translucent gate.
 32363 | Elf:2    | Found a runed translucent gate.
 32792 | Elf:2    | Found a burning altar of Makhleb.
 32792 | Elf:2    | Found the +4 skin of Zhor {*Englaciate rC+++ SInv}
 32911 | Elf:3    | Entered Level 3 of the Elven Halls
 32988 | Elf:3    | Reached skill level 12 in Transmutations
 33081 | Elf:3    | Found a magical portal.
 33125 | WizLab   | Entered Zonguldrok's Shrine
 33601 | WizLab   | Noticed an antique lich
 33616 | WizLab   | Killed an antique lich
 33617 | WizLab   | Reached skill level 14 in Earth Magic
 33623 | WizLab   | Found the +9 sword of Zonguldrok {reap}
 33636 | WizLab   | You pick up a book of Touch and begin reading...
 33636 | WizLab   | You add the spells Kiss of Death, Confusing Touch and
                  | Dispel Undead to your library.
 33663 | WizLab   | You pick up a book of Alchemy and begin reading...
 33663 | WizLab   | You add the spells Sublimation of Blood and Irradiate to
                  | your library.
 33667 | WizLab   | You add the spells Summon Forest and Summon Hydra to your
                  | library.
 33691 | WizLab   | Learned a level 5 spell: Irradiate
 33721 | Elf:3    | You pick up a book of Blasting and begin reading...
 33721 | Elf:3    | You add the spells Volatile Blastmotes, Fulminant Prism,
                  | Iskenderun's Mystic Blast and Lee's Rapid Deconstruction to
                  | your library.
 33837 | Elf:3    | Reached skill level 1 in Conjurations
 33954 | Elf:3    | Reached skill level 2 in Conjurations
 33963 | Elf:3    | HP: 25/114 [orc high priest/divine providence (7)]
 33969 | Elf:3    | HP: 35/148 [deep troll (3)]
 33971 | Elf:3    | Reached skill level 3 in Conjurations
 33974 | Elf:3    | HP: 23/148 [Hell Sentinel[a deep elf demonologist] (4)]
 33978 | Elf:3    | HP: 6/148 [Hell Sentinel[a deep elf demonologist] (12)]
 34282 | Elf:3    | Reached skill level 4 in Conjurations
 34997 | Elf:3    | Reached skill level 5 in Conjurations
 35035 | Elf:2    | Reached skill level 15 in Earth Magic
 35333 | Elf:3    | Identified the ring "Inos" {rF++ rC+}
 35337 | Elf:3    | Identified the +7 broad axe of Dishonesty {spect, rC+ rN+
                  | rCorr Stlth+}
 35395 | Elf:3    | Paralysed by an air elemental for 1 turns
 35398 | Elf:3    | Reached skill level 16 in Earth Magic
 35399 | Elf:3    | Paralysed by an air elemental for 1 turns
 35404 | Elf:2    | Paralysed by an air elemental for 1 turns
 35497 | Elf:3    | Found the +10 dark maul {heavy}
 35501 | Elf:3    | Identified the +2 pair of gloves "Kuemiet" {rN++}
 35554 | Elf:3    | Identified the +5 ring mail of Words of Power {Stlth+}
 35730 | Elf:3    | Found the +5 scythe "Finisher" {speed, execute}
 35736 | Elf:3    | You pick up a book of Spectacle and begin reading...
 35736 | Elf:3    | You add the spells Dazzling Flash and Starburst to your
                  | library.
 35753 | Elf:3    | You pick up a book of the Sky and begin reading...
 35770 | Elf:3    | You pick up a book of Beasts and begin reading...
 35770 | Elf:3    | You add the spells Summon Ice Beast, Summon Mana Viper and
                  | Monstrous Menagerie to your library.
 35779 | Elf:3    | Identified the staff of poison "Ewnib" {rPois rF+}
 35782 | Elf:3    | Identified the +4 arbalest of Karma {drain, Fragile rPois
                  | rC+ Str+6}
 35846 | Elf:3    | Could not pick up a +2 triple sword of distortion
                  | {!wlongrare=g}, a +5 ring of evasion and a potion of heal
                  | wounds {@q2} here; ([A]lways) ignore them?
 35846 | Elf:3    | Could not pick up a +2 triple sword of distortion
                  | {!wlongrare=g}, a +5 ring of evasion and a potion of heal
                  | wounds {@q2} here; ([A]lways) ignore them?
 35846 | Elf:3    | Could not pick up a +2 triple sword of distortion
                  | {!wlongrare=g}, a +5 ring of evasion and a potion of heal
                  | wounds {@q2} here; ([A]lways) ignore them?
 35846 | Elf:3    | Could not pick up a +2 triple sword of distortion
                  | {!wlongrare=g}, a +5 ring of evasion and a potion of heal
                  | wounds {@q2} here; ([A]lways) ignore them?
 35846 | Elf:3    | Could not pick up a +2 triple sword of distortion
                  | {!wlongrare=g}, a +5 ring of evasion and a potion of heal
                  | wounds {@q2} here; ([A]lways) ignore them?
 35846 | Elf:3    | Could not pick up a +2 triple sword of distortion
                  | {!wlongrare=g}, a +5 ring of evasion and a potion of heal
                  | wounds {@q2} here; ([A]lways) ignore them?
 35846 | Elf:3    | Could not pick up a +2 triple sword of distortion
                  | {!wlongrare=g}, a +5 ring of evasion and a potion of heal
                  | wounds {@q2} here; ([A]lways) ignore them?
 35849 | Elf:3    | c - a +2 triple sword of distortion {!wlongrare=g}
 35852 | Elf:3    | You drop a +2 triple sword of distortion {!wlongrare=g}.
 35862 | Elf:3    | Could not pick up a +2 triple sword of distortion
                  | {!wlongrare=g} here; ([A]lways) ignore it?
 35862 | Elf:3    | Could not pick up a +2 triple sword of distortion
                  | {!wlongrare=g} here; ([A]lways) ignore it?
 35862 | Elf:3    | Could not pick up a +2 triple sword of distortion
                  | {!wlongrare=g} here; ([A]lways) ignore it?
 36178 | Vaults:1 | Entered Level 1 of the Vaults
 36311 | Vaults:1 | HP: 23/148 [white very ugly thing (33)]
 36318 | Vaults:1 | Reached XP level 22. HP: 35/119 MP: 24/37
 36427 | Vaults:1 | Your damage rating with your +4 heavy quick blade
                  | {shortrare=g} is about 41 (Base [4 + 3 (Hvy)] x 137% (Dex)
                  | x 142% (Skill) + 28 (Ench + Slay)).
 36512 | Vaults:1 | Found Cephihe's Assorted Antiques.
 36520 | Vaults:1 | Bought a scroll of acquirement for 1300 gold pieces
 36520 | Vaults:1 | Acquired 1174 gold pieces
 36532 | Vaults:1 | Could not pick up +0 shadow dragon scales {rare} here;
                  | ([A]lways) ignore it?
 36631 | Vaults:1 | Reached skill level 17 in Earth Magic
 36651 | Vaults:1 | Your damage rating with your +4 heavy quick blade
                  | {shortrare=g} is about 26 (Base [4 + 3 (Hvy)] x 137% (Dex)
                  | x 142% (Skill) + 13 (Ench + Slay)).
 36790 | Vaults:1 | Found Zaqiwn's Magic Scroll Shoppe.
 36926 | Vaults:1 | Reached skill level 18 in Earth Magic
 36950 | Vaults:1 | Your damage rating with your +4 heavy quick blade
                  | {shortrare=g} is about 24 (Base [4 + 3 (Hvy)] x 137% (Dex)
                  | x 142% (Skill) + 11 (Ench + Slay)).
 37258 | Vaults:1 | Found a large runed translucent door.
 37258 | Vaults:1 | Found a large runed translucent door.
 37260 | Vaults:1 | Noticed Vogeir's ghost (veteran HuIE)
 37753 | Vaults:2 | Reached skill level 6 in Conjurations
 37770 | Vaults:2 | Reached skill level 7 in Conjurations
 37941 | Vaults:2 | Noticed Margery
 37947 | Vaults:2 | Killed Margery
 37959 | Vaults:2 | Reached skill level 8 in Conjurations
 38095 | Vaults:2 | Found Zonokk's Weapon Shoppe.
 38154 | Vaults:2 | Your damage rating with your +4 heavy quick blade
                  | {shortrare=g} is about 23 (Base [4 + 3 (Hvy)] x 137% (Dex)
                  | x 142% (Skill) + 10 (Ench + Slay)).
 38183 | Vaults:2 | Reached skill level 9 in Conjurations
 38342 | Vaults:2 | Your damage rating with your +4 heavy quick blade
                  | {shortrare=g} is about 24 (Base [4 + 3 (Hvy)] x 137% (Dex)
                  | x 142% (Skill) + 11 (Ench + Slay)).
 38520 | Vaults:2 | Reached skill level 10 in Conjurations
 39108 | Vaults:2 | You pick up a book of Conjurations {@e2} and begin
                  | reading...
 39108 | Vaults:2 | You add the spells Magic Dart and Searing Ray to your
                  | library.
 39148 | Vaults:2 | Reached skill level 11 in Conjurations
 39164 | Vaults:2 | You pick up a book of Cantrips and begin reading...
 39349 | Vaults:3 | Reached XP level 23. HP: 123/123 MP: 38/38
 39458 | Vaults:3 | Reached skill level 12 in Conjurations
 39724 | Vaults:3 | You pick up a book of Flames and begin reading...
 39724 | Vaults:3 | You add the spells Inner Flame, Sticky Flame and Flame Wave
                  | to your library.
 39941 | Vaults:3 | HP: 37/159 [vault warden/+1 dire flail of protection (31)]
 40056 | Vaults:3 | Found a staircase to the Crypt.
 40496 | Vaults:3 | Found Eckam's Armour Shoppe.
 40557 | Vaults:3 | your +4 heavy quick blade {shortrare=g} projects an
                  | invisible shield of force!
 40557 | Vaults:3 | a - a +4 quick blade of protection (weapon) {shortrare=g}
 40558 | Vaults:3 | Your damage rating with your +4 quick blade of protection
                  | {shortrare=g} is about 11 (Base 4 x 137% (Dex) x 142%
                  | (Skill) + 4 (Ench)).
 40559 | Vaults:3 | Your damage rating with your +4 quick blade of protection
                  | {shortrare=g} is about 11 (Base 4 x 137% (Dex) x 142%
                  | (Skill) + 4 (Ench)).
 40682 | Vaults:4 | Noticed Frederick
 40721 | Vaults:3 | Reached skill level 14 in Fighting
 40721 | Vaults:3 | Your damage rating with your +4 quick blade of protection
                  | {shortrare=g} is about 11 (Base 4 x 137% (Dex) x 143%
                  | (Skill) + 4 (Ench)).
 40721 | Vaults:3 | your +4 quick blade of protection {shortrare=g} glows red
                  | for a moment.
 40722 | Vaults:3 | your +5 quick blade of protection {shortrare=g} glows red
                  | for a moment.
 40723 | Vaults:3 | your +6 quick blade of protection {shortrare=g} glows red
                  | for a moment.
 40807 | Vaults:1 | Bought a scroll of enchant weapon for 187 gold pieces
 40807 | Vaults:1 | your +7 quick blade of protection {shortrare=g} glows red
                  | for a moment.
 40808 | Vaults:1 | Your damage rating with your +8 quick blade of protection
                  | {shortrare=g} is about 15 (Base 4 x 137% (Dex) x 143%
                  | (Skill) + 8 (Ench)).
 40948 | Vaults:3 | Killed Frederick
 40970 | Vaults:3 | Your damage rating with your +8 quick blade of protection
                  | {shortrare=g} is about 15 (Base 4 x 137% (Dex) x 143%
                  | (Skill) + 8 (Ench)).
 41016 | Vaults:4 | Identified the +1 cloak "Afrotwabenk" {MP+9}
 41284 | Vaults:4 | Your damage rating with your +8 quick blade of protection
                  | {shortrare=g} is about 21 (Base 4 x 137% (Dex) x 143%
                  | (Skill) + 14 (Ench + Slay)).
 41293 | Vaults:4 | Your damage rating with your +8 quick blade of protection
                  | {shortrare=g} is about 22 (Base 4 x 137% (Dex) x 143%
                  | (Skill) + 15 (Ench + Slay)).
 41331 | Vaults:4 | Identified the +1 chain mail of the Gloaming {Will+}
 41444 | Vaults:4 | Noticed a golden dragon
 41465 | Vaults:4 | Killed a golden dragon
 41465 | Vaults:4 | Identified +0 gold dragon scales
 41466 | Vaults:4 | Reached skill level 16 in Stealth
 41470 | Vaults:4 | +0 gold dragon scales {rare}; a golden dragon corpse
 41584 | Vaults:4 | +0 gold dragon scales {rare}; a golden dragon corpse
 41584 | Vaults:4 | +0 gold dragon scales {rare}; a golden dragon corpse
 41584 | Vaults:4 | Could not pick up +0 gold dragon scales {rare} here;
                  | ([A]lways) ignore it?
 41612 | Vaults:4 | Reached skill level 16 in Shields
 41612 | Vaults:4 | Your damage rating with your +8 quick blade of protection
                  | {shortrare=g} is about 16 (Base 4 x 137% (Dex) x 143%
                  | (Skill) + 9 (Ench + Slay)).
 41765 | Vaults:4 | Your damage rating with your +8 quick blade of protection
                  | {shortrare=g} is about 15 (Base 4 x 137% (Dex) x 143%
                  | (Skill) + 8 (Ench)).
 41971 | Vaults:4 | Reached skill level 12 in Dodging
 41979 | Vaults:4 | your +8 quick blade of protection {shortrare=g} glows red
                  | for a moment.
 42604 | Depths:1 | Entered Level 1 of the Depths
 42663 | Depths:1 | Your damage rating with your +9 quick blade of protection
                  | {shortrare=g} is about 27 (Base 4 x 137% (Dex) x 143%
                  | (Skill) + 20 (Ench + Slay)).
 42694 | D:15     | Your damage rating with your +9 quick blade of protection
                  | {shortrare=g} is about 16 (Base 4 x 137% (Dex) x 143%
                  | (Skill) + 9 (Ench)).
 42809 | Depths:1 | Found the +3 pair of mountain boots {steadfast, rC+}
 42922 | Depths:1 | Found a one-way gateway to a ziggurat.
 42989 | Depths:1 | Found a runed translucent door.
 43505 | Depths:2 | Identified the ring "Daprov" {Ice rElec}
 43505 | Depths:2 | Noticed Josephina
 43539 | Depths:1 | Killed Josephina
 43540 | Depths:1 | Reached skill level 17 in Stealth
 43621 | Depths:1 | HP: 39/162 [spriggan defender/+2 rapier of protection (14)]
 43626 | Depths:1 | HP: 24/162 [spriggan defender/+2 rapier of protection (13)]
 43941 | Depths:2 | Reached XP level 24. HP: 111/130 MP: 38/38
 44048 | Depths:2 | Found a one-way gate leading to the halls of Pandemonium.
 44185 | Depths:2 | Found Irow Anu's Serpentskin Sales.
 44259 | Depths:2 | Reached skill level 15 in Fighting
 44794 | Depths:3 | Found a sparkling altar of Nemelex Xobeh.
 44995 | Depths:3 | Reached skill level 13 in Dodging
 45011 | Depths:3 | Reached skill level 18 in Stealth
 46111 | Depths:4 | Entered Level 4 of the Depths
 46300 | Depths:4 | Identified the +4 scimitar of Tumult {freeze, Drain rPois
                  | Dex+7}
 46342 | Depths:4 | Found a flickering gateway to a bazaar.
 46351 | Bazaar   | Entered a bazaar
 46351 | Bazaar   | Found Nirch's General Store.
 46393 | Bazaar   | Found Hoetaref's Jewellery Emporium.
 46410 | Bazaar   | Found Odippa's Jewellery Emporium.
 46483 | Bazaar   | Bought an amulet of reflection for 390 gold pieces
 46939 | Vaults:3 | Bought a +0 kite shield of protection for 149 gold pieces
 47346 | Depths:4 | Found a runed translucent gate.
 47346 | Depths:4 | Found a runed translucent gate.
 47347 | Depths:4 | Found an opulent altar of Gozag.
 47348 | Depths:4 | Found a runed translucent gate.
 47349 | Depths:4 | Noticed Doumn's ghost (veteran GnFi)
 47350 | Depths:4 | Found Uniupn's Assorted Antiques.
 47425 | Depths:4 | Reached skill level 19 in Stealth
 47435 | Depths:4 | Reached skill level 16 in Fighting
 47764 | Depths:4 | Found a broken altar of Ashenzari.
 47861 | Depths:4 | an acid blob changed into a caustic shrike
 47861 | Depths:4 | Noticed a caustic shrike (glowing shapeshifter)
 47864 | Depths:4 | a caustic shrike changed into an iron giant
 48210 | Depths:4 | Found a gate to the Realm of Zot.
 48244 | Depths:4 | Reached skill level 14 in Dodging
 48748 | Crypt:1  | Entered Level 1 of the Crypt
 48756 | Crypt:1  | Reached XP level 25. HP: 138/138 MP: 38/38
 49008 | Crypt:1  | You pick up a book of Lightning and begin reading...
 49008 | Crypt:1  | You add the spells Vhi's Electric Charge, Arcjolt and
                  | Plasma Beam to your library.
 49077 | Crypt:1  | Acquired a +4 quick blade of protection
 49078 | Crypt:1  | Could not pick up a +4 quick blade of protection
                  | {shortrare=g} here; ([A]lways) ignore it?
 49503 | Crypt:2  | Found a runed translucent gate.
 49503 | Crypt:2  | Found a runed translucent gate.
 49503 | Crypt:2  | Found a runed translucent gate.
 49504 | Crypt:2  | Found an ancient bone altar of Kikubaaqudgha.
 49504 | Crypt:2  | Noticed an ancient lich
 49504 | Crypt:2  | Noticed Zogul's ghost (veteran MiGl)
 49504 | Crypt:2  | Noticed an ancient lich
 49504 | Crypt:2  | Noticed an ancient lich
 49521 | Crypt:2  | Noticed a curse skull
 49547 | Crypt:2  | Killed a curse skull
 49618 | Crypt:2  | Noticed Boris
 49622 | Crypt:2  | Killed Boris
 49623 | Crypt:2  | Reached skill level 20 in Stealth
 49811 | Crypt:2  | Found a glowing golden altar of the Shining One.
 49841 | Crypt:2  | Found a burning altar of Makhleb.
 49841 | Crypt:2  | Noticed a curse skull
 49875 | Crypt:2  | Killed a curse skull
 50576 | Crypt:3  | Entered Level 3 of the Crypt
 50875 | Crypt:3  | Reached skill level 17 in Fighting
 51069 | Crypt:3  | Noticed a curse skull
 51104 | Crypt:3  | Killed a curse skull
 51221 | Crypt:3  | Found a staircase to the Tomb.
 51380 | Crypt:3  | Upgraded the game from 0.30-a0-1161-g0704695555 to
                  | 0.30-a0-1163-gf69bf04e7a
 51511 | Crypt:3  | HP: 22/182 [ancient champion/iron shot (35)]
 51770 | Crypt:3  | Reached skill level 21 in Stealth
 51772 | Crypt:3  | Reached skill level 15 in Dodging
 51854 | Crypt:3  | Found a basalt altar of Yredelemnul.
 51862 | Crypt:3  | Found an ancient bone altar of Kikubaaqudgha.
 51874 | Crypt:3  | Identified the +7 great sword of Kismet {distort, rElec
                  | rPois rC+}
 51876 | Crypt:3  | You pick up a book of Hexes and begin reading...
 51878 | Crypt:3  | Identified the +3 quarterstaff of Chance {drain, Str+3}
 51969 | Crypt:3  | Could not pick up a +2 executioner's axe of draining
                  | {axerare=g} and a scroll of enchant weapon here; ([A]lways)
                  | ignore them?
 51969 | Crypt:3  | Could not pick up a +2 executioner's axe of draining
                  | {axerare=g} and a scroll of enchant weapon here; ([A]lways)
                  | ignore them?
 52374 | Vaults:5 | Entered Level 5 of the Vaults
 52454 | Vaults:5 | Reached XP level 26. HP: 126/147 MP: 38/38
 52456 | Vaults:5 | Reached skill level 22 in Stealth
 52459 | Vaults:5 | Reached skill level 18 in Fighting
 52476 | Vaults:5 | Your damage rating with your +9 quick blade of protection
                  | {shortrare=g} is about 41 (Base 4 x 140% (Dex) x 151%
                  | (Skill) + 33 (Ench + Slay)).
 52503 | Vaults:5 | +0 shadow dragon scales {rare}; a shadow dragon corpse
 52573 | Vaults:5 | Your damage rating with your +9 quick blade of protection
                  | {shortrare=g} is about 17 (Base 4 x 140% (Dex) x 151%
                  | (Skill) + 9 (Ench)).
 52666 | Vaults:5 | Identified the amulet "Jysoguf" {Will+++ Regen+ Str-2 Dex+5
                  | SInv}
 52806 | Vaults:5 | You pick up a book of Death and begin reading...
 52806 | Vaults:5 | You add the spells Animate Dead, Haunt and Infestation to
                  | your library.
 53026 | Vaults:5 | Reached skill level 23 in Stealth
 53043 | Vaults:5 | HP: 44/193 [stone giant/large rock (35)]
 53167 | Vaults:5 | Reached skill level 19 in Fighting
 53173 | Vaults:5 | Learned a level 4 spell: Manifold Assault
 53253 | Vaults:5 | +0 storm dragon scales {rare}; a storm dragon skeleton
 53314 | Vaults:5 | Reached skill level 1 in Translocations
 53323 | Vaults:5 | Identified the +4 flail of Annihilation {spect, rElec}
 53365 | Vaults:5 | Reached skill level 2 in Translocations
 53396 | Vaults:5 | Could not pick up +0 storm dragon scales {rare} here;
                  | ([A]lways) ignore it?
 53401 | Vaults:5 | Could not pick up quicksilver dragon scales {rare} here;
                  | ([A]lways) ignore it?
 53581 | Vaults:5 | You pick up a book of Debilitation and begin reading...
 53581 | Vaults:5 | You add the spells Slow and Vampiric Draining to your
                  | library.
 53606 | Vaults:5 | Reached skill level 3 in Translocations
 53795 | Vaults:5 | your +9 quick blade of protection {shortrare=g} becomes
                  | incredibly heavy!
 53795 | Vaults:5 | a - a +9 heavy quick blade (weapon) {shortrare=g}
 53796 | Vaults:5 | Your damage rating with your +9 heavy quick blade
                  | {shortrare=g} is about 24 (Base [4 + 3 (Hvy)] x 140% (Dex)
                  | x 153% (Skill) + 9 (Ench)).
 53955 | Vaults:5 | your +9 heavy quick blade {shortrare=g} craves living
                  | souls!
 53955 | Vaults:5 | a - a +9 quick blade of draining (weapon) {shortrare=g}
 53961 | Vaults:5 | Got a silver rune of Zot
 53985 | Vaults:5 | Your damage rating with your +9 quick blade of draining
                  | {shortrare=g} is about 18 (Base 4 x 152% (Dex) x 153%
                  | (Skill) + 9 (Ench)).
 54463 | Zot:1    | Entered Level 1 of the Realm of Zot
 54465 | Zot:1    | Reached skill level 4 in Translocations
 54494 | Zot:1    | Your damage rating with your +9 quick blade of draining
                  | {shortrare=g} is about 18 (Base 4 x 152% (Dex) x 153%
                  | (Skill) + 9 (Ench)).
 54554 | Zot:1    | Reached skill level 5 in Translocations
 54560 | Zot:1    | Found a shimmering blue altar of Sif Muna.
 54585 | Zot:1    | +0 storm dragon scales {rare}; a storm dragon corpse
 54597 | Zot:1    | Reached skill level 6 in Translocations
 54597 | Zot:1    | Your damage rating with your +9 quick blade of draining
                  | {shortrare=g} is about 23 (Base 4 x 152% (Dex) x 153%
                  | (Skill) + 14 (Ench + Slay)).
 54694 | Zot:1    | Identified the staff of death "Olojyicw" {Contam Fly rN+
                  | MP+9 Str+4}
 54747 | Zot:1    | Found a runed translucent door.
 54749 | Zot:1    | Noticed holysushi's ghost (master DsMo)
 54780 | Zot:1    | Found a transporter.
 54863 | Zot:1    | You pick up a book of Vapours and begin reading...
 54863 | Zot:1    | You add the spells Poisonous Vapours and Mephitic Cloud to
                  | your library.
 54881 | Zot:1    | Found a transporter.
 55043 | Zot:1    | Noticed an electric golem
 55049 | Zot:1    | Identified +0 gold dragon scales
 55050 | Zot:1    | Reached skill level 7 in Translocations
 55076 | Zot:1    | Reached skill level 8 in Translocations
 55081 | Zot:1    | Killed an electric golem
 55114 | Zot:1    | +0 gold dragon scales {rare}; a golden dragon corpse
 55122 | Zot:1    | +0 shadow dragon scales {rare}; a shadow dragon corpse
 55686 | D:6      | Killed Crazy Yiuf
 56404 | Shoals:2 | Reached skill level 9 in Translocations
 56416 | Shoals:2 | Killed Zyonedgh's ghost
 56422 | Shoals:2 | Got the Book of the Fairies and Kinetic Energy
 56658 | Snake:4  | Gained mutation: You are robust. (+10% HP) [a cacodemon]
 56660 | Snake:4  | Gained mutation: You occasionally shout uncontrollably at
                  | your foes. [a cacodemon]
 56699 | Snake:4  | Killed artmatt's ghost
 56724 | Snake:4  | Identified the +4 chain mail "Tietax" {rF+}
 56859 | Lair:3   | Reached skill level 10 in Translocations
 57263 | Vaults:1 | Killed Vogeir's ghost
 57264 | Vaults:1 | Reached XP level 27. HP: 170/170 MP: 38/38
 57645 | Depths:1 | Reached skill level 11 in Translocations
 57713 | Depths:1 | Your damage rating with your +9 quick blade of draining
                  | {shortrare=g} is about 18 (Base 4 x 157% (Dex) x 153%
                  | (Skill) + 9 (Ench)).
 57989 | Zot:2    | Identified the +0 ring mail of the Snake Pit {+Inv rF-
                  | Will+}
 58033 | Zot:2    | Found a stormy altar of Qazlal.
 58078 | Zot:2    | Reached skill level 12 in Translocations
 58102 | Zot:2    | Noticed a curse toe
 58108 | Zot:2    | Killed a curse toe
 58336 | Zot:2    | Identified +0 gold dragon scales
 58465 | Zot:2    | Reached skill level 16 in Dodging
 58476 | Zot:2    | Your damage rating with your +9 quick blade of draining
                  | {shortrare=g} is about 32 (Base 4 x 157% (Dex) x 153%
                  | (Skill) + 23 (Ench + Slay)).
 58581 | Zot:2    | Identified the +0 scale mail of Uskayaw's Displeasure
                  | {Int+2 Dex+3 SInv Stlth-}
 58834 | Zot:3    | Noticed an orb of fire
 58843 | Zot:3    | Gained mutation: You are occasionally teleported next to
                  | monsters. [an orb of fire]
 58872 | Zot:3    | Gained mutation: Your spells are a little easier to cast,
                  | but a little less powerful. [an orb of fire]
 58882 | Zot:2    | Lost mutation: You are robust. (+10% HP) [mutagenic glow]
 58893 | Zot:2    | Killed an orb of fire
 58897 | Zot:2    | Lost mutation: You occasionally shout uncontrollably at
                  | your foes. [potion of mutation]
 58897 | Zot:2    | Lost mutation: You are occasionally teleported next to
                  | monsters. [potion of mutation]
 58897 | Zot:2    | Gained mutation: You are somewhat resistant to further
                  | mutation. [potion of mutation]
 58897 | Zot:2    | Gained mutation: You have a pair of small antennae on your
                  | head. [potion of mutation]
 58898 | Zot:2    | Lost mutation: You are somewhat resistant to further
                  | mutation. [potion of mutation]
 58898 | Zot:2    | Lost mutation: Your spells are a little easier to cast, but
                  | a little less powerful. [potion of mutation]
 58898 | Zot:2    | Lost mutation: You have a pair of small antennae on your
                  | head. [potion of mutation]
 58898 | Zot:2    | Gained mutation: Your flesh is cold resistant. (rC+)
                  | [potion of mutation]
 58898 | Zot:2    | Gained mutation: You sometimes lose your temper in combat.
                  | [potion of mutation]
 58898 | Zot:2    | Gained mutation: You passively dampen the noise of your
                  | surroundings. [potion of mutation]
 58991 | Zot:3    | Noticed an orb of fire
 58997 | Zot:3    | Gained mutation: Your body sometimes deteriorates upon
                  | taking damage. [an orb of fire]
 59001 | Zot:2    | Gained mutation: Your body often deteriorates upon taking
                  | damage. [an orb of fire]
 59008 | Zot:2    | Killed an orb of fire
 59094 | Zot:2    | Your damage rating with your +9 quick blade of draining
                  | {shortrare=g} is about 18 (Base 4 x 157% (Dex) x 153%
                  | (Skill) + 9 (Ench)).
 59108 | Zot:2    | Your damage rating with your +9 quick blade of draining
                  | {shortrare=g} is about 18 (Base 4 x 157% (Dex) x 153%
                  | (Skill) + 9 (Ench)).
 59231 | Zot:3    | Reached skill level 17 in Dodging
 59476 | Zot:3    | Identified +0 gold dragon scales
 59488 | Zot:3    | Identified the amulet "Bixoc" {Regen+ rCorr Slay+4}
 59512 | Zot:2    | Your damage rating with your +9 quick blade of draining
                  | {shortrare=g} is about 18 (Base 4 x 157% (Dex) x 154%
                  | (Skill) + 9 (Ench)).
 59522 | Zot:2    | Your damage rating with your +9 quick blade of draining
                  | {shortrare=g} is about 21 (Base 4 x 145% (Dex) x 154%
                  | (Skill) + 13 (Ench + Slay)).
 59549 | Zot:3    | +0 gold dragon scales {rare}; a golden dragon corpse
 59582 | Zot:3    | You pick up a book of Dangerous Friends and begin
                  | reading...
 59582 | Zot:3    | You add the spells Orb of Destruction and Spellforged
                  | Servitor to your library.
 59909 | Zot:4    | Found the +4 dragonskin cloak
 59909 | Zot:4    | Noticed Tiamat
 59924 | Zot:4    | Here: Tiamat, wielding a +0 bardiche of venom and wearing
                  | the +4 dragonskin cloak (asleep)
 59924 | Zot:4    | Here: Tiamat, wielding a +0 bardiche of venom and wearing
                  | the +4 dragonskin cloak (asleep)
 59924 | Zot:4    | Here: Tiamat, wielding a +0 bardiche of venom and wearing
                  | the +4 dragonskin cloak (asleep)
 59959 | Zot:3    | Killed Tiamat
 59960 | Zot:3    | Reached skill level 20 in Fighting
 60224 | Zot:4    | Identified +0 gold dragon scales
 60412 | Zot:3    | +0 storm dragon scales {rare}; a +3 mace of protection
                  | {mace}; a storm dragon corpse
 60414 | Zot:3    | +0 storm dragon scales {rare}; a +3 mace of protection
                  | {mace}; a storm dragon corpse
 60416 | Zot:3    | +0 storm dragon scales {rare}; a +3 mace of protection
                  | {mace}; a storm dragon corpse
 60514 | Zot:3    | +0 storm dragon scales {rare}; a +3 mace of protection
                  | {mace}; a storm dragon corpse
 60516 | Zot:3    | +0 storm dragon scales {rare}; a +3 mace of protection
                  | {mace}; a storm dragon corpse
 60520 | Zot:3    | +0 storm dragon scales {rare}; a +3 mace of protection
                  | {mace}; a storm dragon corpse
 60528 | Zot:4    | Reached skill level 21 in Fighting
 60959 | Orc:2    | Bought a potion of invisibility for 120 gold pieces
 60959 | Orc:2    | Bought a potion of mutation for 120 gold pieces
 60959 | Orc:2    | Bought a potion of haste for 150 gold pieces
 60959 | Orc:2    | Bought a potion of cancellation for 120 gold pieces
 61216 | Vaults:1 | Bought a scroll of blinking for 142 gold pieces
 61472 | Orc:2    | Bought 2 scrolls of blinking for 570 gold pieces
 61490 | Orc:2    | Bought a potion of curing for 39 gold pieces
 61490 | Orc:2    | Bought a potion of haste for 130 gold pieces
 61490 | Orc:2    | Bought a potion of curing for 39 gold pieces
 61490 | Orc:2    | Bought a potion of haste for 130 gold pieces
 62350 | Zot:4    | Noticed a dread lich
 62355 | Zot:4    | Killed a dread lich
 62411 | Zot:4    | Identified +0 gold dragon scales
 62497 | Zot:4    | Paralysed by a floating eye for 4 turns
 62502 | Zot:4    | Noticed a curse toe
 62512 | Zot:4    | Killed a curse toe
 62536 | Zot:4    | Noticed a dread lich
 62549 | Zot:4    | Killed a dread lich
 62555 | Zot:4    | Noticed a dread lich
 62576 | Zot:4    | Killed a dread lich
 62791 | Zot:5    | Entered Level 5 of the Realm of Zot
 62800 | Zot:5    | Identified +0 gold dragon scales
 62802 | Zot:5    | +0 gold dragon scales {rare}; a golden dragon corpse
 62813 | Zot:5    | +0 gold dragon scales {rare}; a golden dragon corpse
 62991 | Zot:5    | Reached skill level 18 in Dodging
 63213 | Zot:5    | +0 gold dragon scales {rare}; a golden dragon skeleton
 63233 | Zot:5    | +0 gold dragon scales {rare}; a golden dragon skeleton
 63457 | Zot:5    | Found the ring of the Octopus King
 63464 | Zot:5    | Identified a ring of the Octopus King {rF+ HP+2 AC+2 EV+2
                  | SH+2}
 63783 | Zot:5    | Noticed a curse toe
 63830 | Zot:5    | Noticed an ancient lich
 63838 | Zot:5    | Killed an ancient lich
 63845 | Zot:5    | Killed a curse toe
 63990 | Zot:5    | Noticed an electric golem
 63990 | Zot:5    | Noticed an ancient lich
 63990 | Zot:5    | Noticed an orb of fire
 64002 | Zot:5    | Killed an ancient lich
 64013 | Zot:5    | Killed an orb of fire
 64014 | Zot:5    | Reached skill level 19 in Dodging
 64137 | Zot:5    | Noticed an orb of fire
 64140 | Zot:5    | Gained mutation: You have an uncontrollable temper. [an orb
                  | of fire]
 64147 | Zot:5    | Gained mutation: You are weak. (Str -2) [an orb of fire]
 64153 | Zot:5    | Killed an orb of fire
 64361 | Zot:5    | Noticed a dread lich
 64370 | Zot:5    | Killed a dread lich
 64400 | Zot:5    | Noticed an orb of fire
 64400 | Zot:5    | Noticed an electric golem
 64409 | Zot:5    | Killed an electric golem
 64552 | Zot:5    | Killed an electric golem
 64594 | Zot:5    | Killed an orb of fire
 64691 | Zot:5    | +0 shadow dragon scales {rare}; a shadow dragon corpse
 64695 | Zot:5    | Noticed an orb of fire
 64706 | Zot:5    | +0 shadow dragon scales {rare}; a shadow dragon corpse
 64708 | Zot:5    | +0 shadow dragon scales {rare}; a shadow dragon corpse
 64717 | Zot:5    | Gained mutation: You heal very quickly. [an orb of fire]
 64724 | Zot:5    | Gained mutation: You are vulnerable to heat. (rF-) [an orb
                  | of fire]
 64724 | Zot:5    | Gained mutation: You are frail. (-10% HP) [an orb of fire]
 64726 | Zot:5    | Reached skill level 22 in Fighting
 64734 | Zot:5    | Killed an orb of fire
 64789 | Zot:5    | Got the Orb of Zot
 64955 | Depths:4 | Gained mutation: You are very weak. (Str -4) [a neqoxec]
 65526 | D:$      | Escaped with the Orb!

Vanquished Creatures
  4 dread liches
  Tiamat (Zot:3)
  6 orbs of fire
  3 ancient liches
  Mara (Shoals:3)
  Boris (Crypt:2)
  Josephina (Depths:1)
  8 Killer Klowns
  Frederick (Vaults:3)
  3 curse toes
  Saint Roka (Snake:4)
  Vashnia (Snake:3)
  Margery (Vaults:2)
  The ghost of Vogeir the Cryomancer, a veteran HuIE of Sif Muna (Vaults:1)
  A profane servitor (Crypt:3)
  20 golden dragons
  Nikola (Snake:3)
  2 bone dragons
  3 electric golems
  16 tentacled monstrosities
  Rupert (D:13)
  2 Hell Sentinels
  8 liches
  The ghost of artmatt the Black Belt, an adept DsTm of Jiyva (Snake:4)
  27 Orb Guardians
  6 titans
  10 quicksilver dragons
  3 deep elf blademasters
  A walking divine tome (Depths:3)
  Polyphemus (Shoals:3)
  2 acid blobs (Depths:1)
  4 deep elf master archers
  Kirke (Snake:1)
  A kraken (Shoals:2)
  7 sphinxes
  A tentacled starspawn (Snake:4)
  11 ancient champions
  Agnes (Elf:2)
  5 tengu reavers (Vaults:5)
  14 storm dragons
  14 death cobs
  11 shadow dragons
  3 azure jellies (Depths:1)
  Donald (Snake:4)
  5 rockslimes (Depths:1)
  2 draconian knights
  The ghost of Zyonedgh the Rich, an adept DsMo of Gozag (Shoals:2)
  Roxanne (Snake:4)
  Ilsuiw (Shoals:2)
  6 nagarajas (Snake:4)
  6 fire giants
  6 deep elf sorcerers
  9 draconian monks
  16 frost giants
  2 iron dragons (Vaults:5)
  Aizul (Shoals:4)
  A balrug (Depths:2)
  10 vault wardens
  6 draconian annihilators
  21 ironbound preservers
  5 draconian scorchers (Zot:2)
  9 ghouls
  3 draconian shifters
  3 spriggan defenders
  3 war gargoyles
  An orc warlord (Vaults:2)
  2 deep elf elementalists (Elf:2)
  3 curse skulls
  21 very ugly things
  2 cacodemons (Snake:4)
  2 draconian stormcallers (Zot:2)
  3 ghost moths
  19 stone giants
  12 green draconians
  11 ironbound thunderhulks
  9 vampire knights
  13 black draconians
  5 deep elf demonologists (Elf:3)
  10 purple draconians
  13 white draconians
  A dire elephant (Lair:5)
  9 yellow draconians
  7 deep elf annihilators
  7 red draconians
  Azrael (Elf:1)
  13 ettins
  5 deep elf death magi
  A blizzard demon (D:14)
  7 eidola
  4 merfolk javelineers
  An ettin (shapeshifter) (Vaults:5)
  10 jiangshi
  16 merfolk impalers
  16 yaktaur captains
  6 deep elf high priests
  3 great orbs of eyes
  A green death (Depths:4)
  An entropy weaver (Vaults:1)
  8 fire dragons
  28 vault guards
  5 spriggan air magi
  8 ice dragons
  5 hydras
  A quicksilver dragon skeleton (Crypt:1)
  6 salamander tyrants
  7 anacondas
  3 peacekeepers
  4 ironbound frosthearts
  2 catoblepae
  5 rakshasas
  2 spriggan skeletons (Crypt:3)
  7 merfolk avatars
  A hell beast (Depths:3)
  8 boulder beetles
  2 bennu zombies
  7 naga warriors
  5 merfolk aquamancers
  8 tengu warriors
  8 two-headed ogres
  2 satyrs (Shoals:4)
  11 centaur warriors
  An alligator snapping turtle (Shoals:2)
  4 death knights
  24 dancing weapons
  3 death yaks
  12 deep troll shamans
  8 deep troll earth magi
  2 soul eaters
  9 vampire magi
  4 orc high priests
  A bennu skeleton (Crypt:3)
  25 naga sharpshooters
  3 spriggan berserkers
  13 shock serpents
  19 deep elf knights
  13 hell knights
  39 skeletal warriors
  5 iron trolls
  2 spriggans
  4 skysharks
  2 sixfirhies
  4 salamander mystics
  4 shadow wraiths
  4 sun demons
  3 glowing orange brains
  11 sea snakes
  69 deep trolls
  2 bog bodies (Crypt:2)
  A swamp dragon (shapeshifter) (Elf:3)
  3 flayed ghosts (Crypt:3)
  A shadow demon (Depths:2)
  12 deep elf archers
  17 orc knights
  A necromancer (Vaults:2)
  15 wizards
  14 phantasmal warriors
  An obsidian statue (D:14)
  11 harpies
  8 naga ritualists
  9 lindwurms
  18 deep elf pyromancers
  Pikel (D:7)
  20 deep elf zephyrmancers
  17 ironbound convokers
  17 mana vipers
  An oklob plant (Lair:3)
  27 manticores
  40 ugly things
  21 salamanders
  8 cyclopes
  10 fauns
  A goliath frog skeleton (Crypt:3)
  A worldbinder (Snake:4)
  A centaur zombie (Crypt:3)
  6 orc sorcerers
  23 moths of wrath
  10 merfolk sirens
  19 vault sentinels
  An orange demon (Lair:5)
  A shock serpent zombie (Crypt:2)
  4 water nymphs
  A torpor snail (Lair:2)
  An apocalypse crab (Snake:4)
  14 naga magi
  A rust devil (Depths:4)
  11 elephants
  9 guardian serpents
  A black mamba (shapeshifter) (Vaults:5)
  44 black mambas
  Joseph (D:7)
  4 cane toads (Lair:5)
  2 gargoyles
  2 rime drakes
  A swamp worm zombie (Crypt:1)
  A naga skeleton (Crypt:3)
  Psyche (D:9)
  39 yaktaurs
  A sea snake zombie (Crypt:1)
  A hellion (Depths:1)
  A dire elephant skeleton (Crypt:3)
  4 guardian mummies (Crypt:3)
  A tormentor (Zot:1)
  3 ice devils
  12 komodo dragons
  A mana viper zombie (Crypt:2)
  A yaktaur (shapeshifter) (Snake:4)
  2 tengu conjurers (Depths:3)
  A death yak skeleton (Crypt:3)
  8 freezing wraiths
  4 red devils
  10 wind drakes
  3 meliai (D:14)
  10 trolls
  23 merfolk
  2 tengu simulacra (Depths:2)
  A polar bear (Lair:3)
  Prince Ribbit (D:6)
  A hellwing (Lair:5)
  3 hornets
  2 raiju (Snake:4)
  18 blink frogs
  An ice dragon zombie (Crypt:3)
  17 dream sheep
  4 saltlings (Orc:2)
  An alligator zombie (Crypt:2)
  A jumping spider zombie (Crypt:2)
  A fire giant simulacrum (Depths:2)
  21 water elementals
  13 snapping turtles
  5 air elementals
  4 flying skulls (Crypt:1)
  45 slime creatures
  A wind drake zombie (Crypt:3)
  2 shadows
  6 wraiths
  41 yaks
  A satyr skeleton (Crypt:1)
  9 vampires
  5 fire elementals
  2 hogs (Snake:1)
  6 wyverns
  6 basilisks
  4 fire bats (Depths:2)
  A redback (shapeshifter) (Elf:1)
  A neqoxec (Depths:4)
  2 black mamba skeletons
  A golden eye (D:15)
  A golden eye (shapeshifter) (D:15)
  A redback (Vaults:1)
  A chaos spawn (Depths:3)
  6 vampire mosquitoes
  A death yak simulacrum (D:13)
  A large abomination (Snake:4)
  62 nagas
  A steam dragon (D:9)
  7 two-headed ogre zombies (WizLab)
  A skyshark zombie (Crypt:2)
  2 wargs
  2 acid dragons (D:12)
  14 water moccasins
  5 hell hounds
  2 floating eyes (Zot:4)
  4 ice beasts
  21 orc warriors
  5 boggarts
  9 ogres
  4 wolves (Lair:2)
  8 centaurs
  A dream sheep skeleton (Crypt:3)
  4 lemures (D:7)
  3 phantoms
  Blork the orc (D:6)
  4 kobold brigands
  8 bullfrogs
  An earth elemental (Elf:1)
  A human simulacrum (Depths:2)
  2 two-headed ogre simulacra (D:13)
  3 gnoll sergeants
  A scorpion (D:4)
  18 wights
  7 troll zombies (WizLab)
  24 killer bees
  3 howler monkeys (D:13)
  11 electric eels
  2 jellies
  Crazy Yiuf (D:6)
  2 gnoll boudas
  12 orc priests
  2 hounds (D:5)
  2 sleepcaps
  5 iguanas
  Natasha (thrice) (D:3)
  16 orc wizards
  15 hell rats (Lair:3)
  2 spriggan simulacra (D:13)
  A wolf simulacrum (D:13)
  An acid dragon zombie (Crypt:2)
  An ice beast zombie (Crypt:3)
  An ogre skeleton (Crypt:2)
  4 ogre zombies
  16 gnolls
  6 adders
  2 naga simulacra (D:13)
  2 shadow imps
  2 jelly zombies (Crypt:1)
  An iguana skeleton (Crypt:2)
  A worm (D:2)
  2 dart slugs
  56 orcs
  4 ball pythons
  6 endoplasms
  3 giant cockroaches
  8 hobgoblins
  3 jackals (D:1)
  A jackal (shapeshifter) (Vaults:5)
  3 quokkas
  3 training dummies (Shoals:1)
  6 bats
  4 goblins
  A hobgoblin zombie (Crypt:1)
  17 kobolds
  6 rats
  A lurking horror (Lair:3)
  4 starspawn tentacles (Snake:4)
  3 tentacles (Shoals:2)
2266 creatures vanquished.

Vanquished Creatures (collateral kills)
  An Executioner (Snake:4)
  A storm dragon (Vaults:5)
  A vault guard (Vaults:5)
  A death yak (Shoals:3)
  A shock serpent (Snake:4)
5 creatures vanquished.

Vanquished Creatures (others)
  An Orb Guardian (Zot:5)
  A shadow dragon (Depths:4)
  A deep elf annihilator (Elf:2)
  2 deep elf knights (Elf:2)
  2 deep elf pyromancers
  A deep elf zephyrmancer (Elf:2)
  A manticore (Shoals:3)
  A human (Snake:1)
  A golden eye (D:14)
  9 fungi
  A lurking horror (Lair:3)
  3 pillars of salt (Orc:2)
  85 plants
  3 starspawn tentacles (Snake:4)
  10 tentacles (Shoals:2)
  26 withered plants (Gauntlet)
148 creatures vanquished.

Grand Total: 2419 creatures vanquished

Table legend:
 A = Non-vault XP
 B = Vault XP
 C = Vault XP percentage of total XP
 D = Non-vault monster count
 E = Vault monster count
 F = Vault count percentage of total count
                 A         B        C        D         E       F
            +---------+---------+-------+---------+---------+-------
      Total |  836512 |  665505 |  44.3 |    1500 |     749 |  33.3
            +---------+---------+-------+---------+---------+-------
        D:1 |      43 |       0 |   0.0 |      29 |       0 |   0.0
        D:2 |      64 |       0 |   0.0 |      16 |       0 |   0.0
        D:3 |     201 |      35 |  14.8 |      12 |       1 |   7.7
        D:4 |     321 |       0 |   0.0 |      10 |       0 |   0.0
        D:5 |     523 |       0 |   0.0 |      11 |       0 |   0.0
        D:6 |     922 |     433 |  32.0 |      21 |       3 |  12.5
        D:7 |     665 |    1219 |  64.7 |      24 |       8 |  25.0
        D:8 |    2542 |       0 |   0.0 |      26 |       0 |   0.0
        D:9 |    4045 |    2082 |  34.0 |      28 |       7 |  20.0
       D:10 |    4646 |    1489 |  24.3 |      25 |      21 |  45.7
       D:11 |    4990 |       0 |   0.0 |      16 |       0 |   0.0
       D:12 |    4771 |       0 |   0.0 |      19 |       0 |   0.0
       D:13 |   11494 |    7940 |  40.9 |      37 |      18 |  32.7
       D:14 |   11492 |     640 |   5.3 |      20 |       1 |   4.8
       D:15 |    3575 |    1101 |  23.5 |       8 |       2 |  20.0
     Lair:1 |    3075 |       0 |   0.0 |      16 |       0 |   0.0
     Lair:2 |    3119 |    1848 |  37.2 |      12 |       6 |  33.3
     Lair:3 |    3564 |    2176 |  37.9 |      22 |      12 |  35.3
     Lair:4 |    7096 |       0 |   0.0 |      24 |       0 |   0.0
     Lair:5 |   12826 |   10572 |  45.2 |      36 |      26 |  41.9
   Shoals:1 |   18299 |       6 |   0.0 |      36 |       3 |   7.7
   Shoals:2 |   18439 |    9396 |  33.8 |      36 |      14 |  28.0
   Shoals:3 |   10563 |   10428 |  49.7 |      23 |       9 |  28.1
   Shoals:4 |   13701 |   23083 |  62.8 |      28 |      34 |  54.8
    Snake:1 |   20400 |    1919 |   8.6 |      44 |       3 |   6.4
    Snake:2 |   15072 |     599 |   3.8 |      29 |       2 |   6.5
    Snake:3 |   21934 |   12802 |  36.9 |      48 |      13 |  21.3
    Snake:4 |   33325 |   36778 |  52.5 |      64 |      64 |  50.0
      Orc:1 |     893 |       0 |   0.0 |      22 |       0 |   0.0
      Orc:2 |    4152 |   10331 |  71.3 |      28 |      28 |  50.0
      Elf:1 |   17646 |    8116 |  31.5 |      30 |      15 |  33.3
      Elf:2 |   15788 |   23769 |  60.1 |      29 |      26 |  47.3
      Elf:3 |   20380 |   35088 |  63.3 |      32 |      41 |  56.2
   Vaults:1 |   27862 |   24735 |  47.0 |      46 |      27 |  37.0
   Vaults:2 |   31291 |   30199 |  49.1 |      45 |      35 |  43.8
   Vaults:3 |   32975 |   24083 |  42.2 |      50 |      31 |  38.3
   Vaults:4 |   10394 |   18123 |  63.6 |      18 |      26 |  59.1
   Vaults:5 |   19023 |   94724 |  83.3 |      24 |      88 |  78.6
    Crypt:1 |   25126 |       0 |   0.0 |      40 |       0 |   0.0
    Crypt:2 |   34364 |    6213 |  15.3 |      45 |       4 |   8.2
    Crypt:3 |   18389 |   36281 |  66.4 |      29 |      41 |  58.6
   Depths:1 |   29120 |   23588 |  44.8 |      37 |      18 |  32.7
   Depths:2 |   21426 |    6156 |  22.3 |      29 |      11 |  27.5
   Depths:3 |   48130 |    7905 |  14.1 |      52 |      10 |  16.1
   Depths:4 |   37386 |   20112 |  35.0 |      41 |      17 |  29.3
      Zot:1 |   25527 |   19568 |  43.4 |      20 |      13 |  39.4
      Zot:2 |   81672 |       0 |   0.0 |      59 |       0 |   0.0
      Zot:3 |   44489 |   13748 |  23.6 |      34 |       8 |  19.0
      Zot:4 |   28126 |   39837 |  58.6 |      20 |      21 |  51.2
      Zot:5 |   20041 |   93940 |  82.4 |      17 |      37 |  68.5
     WizLab |   10605 |    4443 |  29.5 |      33 |       5 |  13.2
            +---------+---------+-------+---------+---------+-------

Skill      XL: |  1  2  3  4  5  6  7  8  9 10 11 12 13 14 15 16 17 18 19 20 21 22 23 24 25 26 27 |
---------------+----------------------------------------------------------------------------------+-----
Short Blades   | 2 3 4 5 6 7 8 |  8.0
Stealth        | 1 3 4 6 8 10 12 13 15 17 19 21 23 | 23.0
Fighting       | 3 4 6 10 11 12 13 14 16 17 19 22 | 22.7
Shields        | 3 4 6 10 12 15 16 | 16.0
Dodging        | 1 2 4 5 6 8 10 11 12 14 15 19 | 19.0
Throwing       | 3 5 6 |  6.0
Evocations     | 3 5 6 |  6.0
Armour         | 4 5 |  5.0
Spellcasting   | 6 10 | 10.0
Earth Magic    | 10 13 16 18 | 18.0
Transmutations | 7 10 12 | 12.0
Necromancy     | 5 |  5.0
Conjurations   | 5 11 12 | 12.0
Translocations | 10 12 | 12.0

Action                     |  1- 3 |  4- 6 |  7- 9 | 10-12 | 13-15 | 16-18 | 19-21 | 22-24 | 25-27 || total
---------------------------+-------+-------+-------+-------+-------+-------+-------+-------+-------++-------
  Melee: Rapier            |   112 |   133 |    47 |       |       |       |       |       |       ||   292
         Bite              |    23 |    34 |   108 |   357 |   758 |  1110 |  1416 |  1865 |  2739 ||  8410
         Quick blade       |       |       |   339 |   941 |  1857 |  2588 |  3237 |  3674 |  5303 || 17939
  Throw: Dart              |       |     4 |     3 |       |       |       |     5 |       |       ||    12
   Cast: Statue Form       |       |       |       |       |       |       |   144 |   152 |   206 ||   502
         Borgnjor's Vile C |       |       |       |       |       |       |    33 |       |       ||    33
         Wereblood         |       |       |       |       |       |       |    20 |    48 |    23 ||    91
         Irradiate         |       |       |       |       |       |       |     1 |     4 |     2 ||     7
         Manifold Assault  |       |       |       |       |       |       |       |       |    33 ||    33
 Invoke: Serpent's Lash    |       |       |       |     1 |       |     7 |     6 |     4 |     2 ||    20
         Heavenly Storm    |       |       |       |       |       |     1 |     5 |     4 |     6 ||    16
Ability: Lunge             |       |       |    19 |    48 |    58 |   103 |   149 |    90 |   136 ||   603
         Whirlwind         |       |       |    66 |   264 |   499 |   703 |  1276 |  1413 |  1756 ||  5977
         Wall Jump         |       |       |       |     6 |    34 |    24 |    28 |    37 |    24 ||   153
         End Transformatio |       |       |       |       |       |       |       |       |     3 ||     3
  Evoke: Wand              |       |       |       |     2 |     1 |       |       |       |     1 ||     4
    Use: Potion            |     4 |       |       |       |     1 |     1 |       |       |     5 ||    11
         Scroll            |       |       |    16 |    10 |     5 |     4 |     7 |     9 |    15 ||    66
   Stab: Sleeping          |       |       |     3 |    12 |    29 |    40 |    21 |    29 |    28 ||   162
         Distracted        |       |       |       |     1 |     3 |     2 |     5 |     2 |     5 ||    18
         Petrified         |       |       |       |       |       |       |     3 |       |       ||     3
         Petrifying        |       |       |       |       |       |       |     1 |       |       ||     1
         Held in net/web   |       |       |       |       |       |       |     2 |       |       ||     2
         Invisible         |       |       |       |       |       |       |       |       |     8 ||     8
 Armour: Scale mail        |    52 |    35 |    96 |   139 |   207 |   234 |   110 |       |       ||   873
         Skin              |       |       |       |       |       |       |   374 |   627 |   754 ||  1755
         Animal skin       |       |       |       |       |       |       |     3 |    16 |    51 ||    70
  Dodge: Dodged            |    56 |    35 |    85 |   131 |   318 |   567 |  1337 |  1595 |  2302 ||  6426
         Repelled          |       |       |       |       |     2 |    30 |    42 |     8 |       ||    82
  Block: Buckler           |    20 |    21 |    57 |    84 |   166 |   223 |       |       |       ||   571
         Kite shield       |       |       |       |       |       |   224 |  1688 |  1681 |  2350 ||  5943
         Reflection        |       |       |       |       |       |    37 |   102 |    96 |    30 ||   265

Illustrated notes

Table legend:
 A = Kills in this place as a percentage of kills in the entire game.
 B = Kills by you in this place as a percentage of kills by you in the entire game.
 C = Kills by friends in this place as a percentage of kills by friends in the entire game.
 D = Other kills in this place as a percentage of other kills in the entire game.
 E = Experience gained in this place as a percentage of experience gained in the entire game.
 F = Experience gained in this place divided by the number of levels of this place that you have seen.
                   A       B       C       D       E      F
               +-------+-------+-------+-------+-------+----------------------
         Total | 100.0 | 100.0 | 100.0 | 100.0 | 100.0 | 28099.6
       Dungeon |  16.2 |  16.3 |   0.0 |   0.0 |   4.7 | 4706.5
          Lair |   6.8 |   6.8 |   0.0 |   0.0 |   2.9 | 8855.2
        Shoals |   8.1 |   8.0 |  25.0 |  14.3 |   6.8 | 25978.8
     Snake Pit |  11.8 |  11.8 |  25.0 |   0.0 |   9.4 | 35707.2
  Orcish Mines |   3.4 |   3.5 |   0.0 |   0.0 |   1.0 | 7688.0
   Elven Halls |   7.6 |   7.5 |   0.0 |  57.1 |   8.0 | 40262.3
        Vaults |  17.2 |  17.2 |  50.0 |   0.0 |  20.7 | 62681.8
         Crypt |   7.0 |   7.1 |   0.0 |   0.0 |   7.9 | 40124.3
        Depths |   9.9 |   9.9 |   0.0 |  14.3 |  13.4 | 50867.0
           Zot |  10.2 |  10.2 |   0.0 |  14.3 |  24.2 | 73460.0
        Wizlab |   1.7 |   1.7 |   0.0 |   0.0 |   1.0 | 15048.0
               +-------+-------+-------+-------+-------+----------------------

Table legend: (Time is in decaauts)
 A = Elapsed time spent in this place.
 B = Non-inter-level travel time spent in this place.
 C = Inter-level travel time spent in this place.
 D = Time resting spent in this place.
 E = Time spent auto-exploring this place.
 F = Levels seen in this place.
 G = Mean time per level.
                   A        B        C        D        E       F      G
               +--------+--------+--------+--------+--------+-----+--------+
         Total |  72478 |  62935 |   9543 |   7989 |  27854 |  54 | 1342.2 |
       Dungeon |  16330 |  12124 |   4206 |    945 |   7811 |  15 | 1088.7 |
        Temple |     12 |      6 |      6 |      0 |      0 |   1 |   12.0 |
          Lair |   4904 |   4341 |    563 |    178 |   3017 |   5 |  980.8 |
        Shoals |   6416 |   6072 |    344 |   1082 |   1729 |   4 | 1604.0 |
     Snake Pit |   5748 |   5281 |    467 |    498 |   2244 |   4 | 1437.0 |
  Orcish Mines |   1351 |    985 |    366 |     37 |    562 |   2 |  675.5 |
   Elven Halls |   5791 |   5538 |    253 |    842 |   1893 |   3 | 1930.3 |
        Vaults |  10560 |   9071 |   1489 |    698 |   4535 |   5 | 2112.0 |
         Crypt |   4111 |   3942 |    169 |    383 |   1555 |   3 | 1370.3 |
        Depths |   7668 |   6411 |   1257 |   1030 |   2202 |   4 | 1917.0 |
           Zot |   8265 |   7847 |    418 |   2098 |   1984 |   5 | 1653.0 |
        Bazaar |    193 |    193 |      0 |      0 |     45 |   1 |  193.0 |
        Wizlab |    750 |    750 |      0 |    195 |      0 |   1 |  750.0 |
      Gauntlet |    374 |    374 |      0 |      0 |    274 |   1 |  374.0 |
               +--------+--------+--------+--------+--------+-----+--------+

Top non-repeatable levels by time:
   Elf:3: 2408 daAuts
Vaults:1: 2308 daAuts
   Zot:5: 2260 daAuts
Vaults:3: 2198 daAuts
Depths:3: 2193 daAuts
Depths:4: 2161 daAuts
     D:9: 2150 daAuts
Vaults:5: 2147 daAuts
Vaults:2: 2108 daAuts
Shoals:4: 1939 daAuts
Depths:1: 1837 daAuts
Vaults:4: 1796 daAuts
   Elf:2: 1775 daAuts
    D:13: 1774 daAuts
 Snake:4: 1751 daAuts
